 Dungeon Crawl Stone Soup version 0.31-a0-627-gd65175cf8b (webtiles) character file.

Game seed: 8237818725601375357

1748884 EnegeticOcto the Eviscerator (level 25, 166/166 HPs)
             Began as a Felid Chaos Knight on Aug 25, 2023.
             Was a Favourite Plaything of Xom.
             Escaped with the Orb
             ... and 3 runes!
             The game lasted 02:02:33 (61508 turns).

EnegeticOcto the Eviscerator (Felid Chaos Knight)  Turns: 61508, Time: 02:02:34

Health: 166/166    AC: 45    Str:  9    XL:     25   Next: 74%
Magic:  25/25      EV: 44    Int: 22    God:    Xom [...*..]
Gold:   4030       SH:  0    Dex: 25    Spells: 20/26 levels left
                                        Lives:  2   Deaths: 7

rFire   + .          .
                       - Unarmed
rCold   . . .        (shield unavailable)
rNeg    + . .        (body armour unavailable)
rPois   ∞            (helmet unavailable)
rElec   +            (cloak unavailable)
rCorr   .            (gloves unavailable)
SInv    +            (boots unavailable)
Will    +++..        t - amulet of Sikexeh {Rampage Regen+ Dex+3}
Stlth   ++           Z - ring of the Tortoise {AC+8}
HPRegen 0.00/turn    v - ring of Suig {rF+ AC+4 Str-2 Int+2}
MPRegen 0.19/turn

%: rampage
@: statue-form, inhibited regen, studying Conjurations, very slow
A: slow and powerful, torment resistance 1, boosted hp, very small, claws 1,
fangs 3, see invisible, (speed 1), (shaggy fur 3), stealthy paws, no weapons or
thrown items, no armour, multi-lived, (iridescent scales 1), clever 1, screaming
1, inhibited regeneration, strong 1, inability to read after injury 1
0: Orb of Zot
}: 3/15 runes: decaying, serpentine, silver
a: Begin Untransformation, Renounce Religion


You escaped.
You worshipped Xom.
You were a favourite toy of Xom.
You were a living statue of rough stone.
You visited 10 branches of the dungeon, and saw 50 of its levels.
You also visited: Trove, Gauntlet and Volcano.

You collected 8152 gold pieces.
You spent 4122 gold pieces at shops.

Inventory:

Missiles
 N - 10 curare-tipped darts
Jewellery
 c - the amulet of Guterod {RegenMP rF+ Str+6}
   (You took it off a deep elf blademaster on level 3 of the Elven Halls)

   [amulet of magic regeneration]

   RegenMP:   It increases your rate of magic regeneration.
   Str+6:     It affects your strength (+6).
   rF+:       It protects you from fire.
 h - the ring of Prescription {rF+ rC- Int+3 Dex+2}
   (You took it off a deep elf sorcerer on level 3 of the Elven Halls)

   [ring of protection from fire]

   Int+3:     It affects your intelligence (+3).
   Dex+2:     It affects your dexterity (+2).
   rF+:       It protects you from fire.
   rC-:       It makes you vulnerable to cold.
 t - the amulet of Sikexeh (around neck) {Rampage Regen+ Dex+3}
   (You took it off a vault guard on level 5 of the Vaults)

   [amulet of regeneration]

   Dex+3:     It affects your dexterity (+3).
   Regen+:    It increases your rate of health regeneration.
   Rampage:   It bestows one free step when moving towards enemies.
 v - the ring of Suig (right paw) {rF+ AC+4 Str-2 Int+2}
   (You bought it in a shop on level 2 of the Vaults)

   [ring of protection]

   AC+4:      It affects your AC (+4).
   Str-2:     It affects your strength (-2).
   Int+2:     It affects your intelligence (+2).
   rF+:       It protects you from fire.
 J - a +4 ring of protection
   (You took it off a vault guard on level 5 of the Vaults)
 K - the ring of the Mage {Wiz Archmagi}
   (You took it off a deep elf annihilator on level 3 of the Elven Halls)

   [ring of wizardry]

   Wiz:       It improves your spell success rate.
   Archmagi:  It increases the power of your magical spells.
 T - a ring of flight
   (You found it on level 14 of the Dungeon)
 W - a ring of willpower
   (You found it on level 1 of the Snake Pit)
 Y - a ring of protection from fire
   (You found it on level 3 of the Elven Halls)
 Z - the ring of the Tortoise (left paw) {AC+8}
   (You bought it in a shop on level 3 of the Elven Halls)

   [ring of protection]

   AC+8:      It affects your AC (+8).
Talismans
 m - a maw talisman
   (You found it on level 7 of the Dungeon)
 y - a storm talisman
   (You found it on level 5 of the Vaults)
 E - a granite talisman (active)
   (You found it on level 3 of the Vaults)
 G - a dragon-blood talisman
   (You found it on level 5 of the Vaults)
Wands
 n - a wand of flame (80) {@v4}
   (You found it on level 10 of the Dungeon)
 D - a wand of charming (43)
   (You took it off Maurice on level 9 of the Dungeon)
 L - a wand of roots (39) {@v2}
   (You found it on level 12 of the Dungeon)
 P - a wand of polymorph (15)
   (Xom gifted it to you on level 12 of the Dungeon)
 Q - a wand of digging (12) {@v3}
   (You found it in a Gauntlet)
 U - a wand of light (45) {@v1}
   (You bought it in a shop on level 2 of the Orcish Mines)
 V - a wand of mindburst (31)
   (You found it on level 5 of the Lair of Beasts)
Scrolls
 k - 5 scrolls of vulnerability
 l - 12 scrolls of immolation
 q - 6 scrolls of fear {!r}
 s - 4 scrolls of poison
 x - 13 scrolls of fog {!r}
 C - 7 scrolls of teleportation {@r3 !r}
 F - a scroll of summoning
 H - a scroll of blinking {@r4}
 X - a scroll of silence {!r}
Potions
 b - 3 potions of haste {@q4 !q}
 e - 10 potions of attraction
 f - 3 potions of heal wounds {@q2 !q}
 i - 4 potions of cancellation
 j - 2 potions of invisibility
 o - 6 potions of resistance
 p - 13 potions of enlightenment
 u - 3 potions of curing {@q1 !q}
 w - 13 potions of brilliance
 z - 6 potions of lignification {@q6}
 A - 6 potions of berserk rage
 B - a potion of might {@q3 !q}
 I - 3 potions of ambrosia
 M - a potion of mutation
 O - 2 potions of magic
Miscellaneous
 d - a box of beasts
   (You found it on level 2 of the Snake Pit)
 g - a phantom mirror
   (You found it on level 4 of the Lair of Beasts)
 R - a condenser vane
   (You found it in a Gauntlet)
 S - a lightning rod (4/4)
   (You found it on level 13 of the Dungeon)


   Skills:
 + Level 21.2 Fighting
 + Level 23.4 Dodging
 - Level 9.0 Stealth
 + Level 26.3 Unarmed Combat
 - Level 1.0 Spellcasting
 - Level 5.0 Translocations
 - Level 16.0 Evocations
 + Level 21.3 Shapeshifting


You had 20 spell levels left.
You knew the following spells:

 Your Spells              Type           Power      Damage    Failure   Level
b - Manifold Assault      Tloc           23%        N/A       19%         4
Y - Blink                 Tloc           46%        N/A       3%          2

Your spell library contained the following spells:

 Spells                   Type           Power      Damage    Failure   Level
 Lesser Beckoning         Tloc           46%        N/A       3%          2
 Momentum Strike          Conj/Tloc      24%        3d8       9%          2
 Foxfire                  Conj/Fire      4%         2x1d4     16%         1
 Freeze                   Ice            4%         1d3       16%         1
 Magic Dart               Conj           4%         1d3       16%         1
 Necrotise                Necr           4%         1d4       16%         1
 Summon Small Mammal      Summ           4%         N/A       16%         1
 Passage of Golubria      Tloc           23%        N/A       19%         4
 Call Imp                 Summ           2%         N/A       22%         2
 Cigotuvi's Dreadful Rot  Necr/Pois/Air  2%         N/A       22%         2
 Ensorcelled Hibernation  Hex/Ice        2%         N/A       22%         2
 Passwall                 Tmut/Erth      0%         N/A       22%         2
 Poisonous Vapours        Pois/Air       2%         N/A       22%         2
 Scorch                   Fire           2%         2d5       22%         2
 Static Discharge         Conj/Air       2%         2-3/arc   22%         2
 Wereblood                Tmut           1%         N/A       22%         2
 Call Canine Familiar     Summ           1%         N/A       41%         3
 Dazzling Flash           Conj/Hex       2%         N/A       41%         3
 Frozen Ramparts          Ice            2%         1d1       41%         3
 Hailstorm                Conj/Ice       1%         3d3       41%         3
 Ignite Poison            Fire/Tmut/Pois 1%         N/A       41%         3
 Inner Flame              Hex/Fire       1%         N/A       41%         3
 Mephitic Cloud           Conj/Pois/Air  1%         N/A       41%         3
 Ozocubu's Armour         Ice            1%         N/A       41%         3
 Stone Arrow              Conj/Erth      2%         3d7       41%         3
 Summon Guardian Golem    Hex/Summ       1%         N/A       41%         3
 Swiftness                Air            1%         N/A       41%         3
 Tukima's Dance           Hex            1%         N/A       41%         3
 Airstrike                Air            0%         2d(1-17)  83%         4
 Anguish                  Hex/Necr       0%         N/A       83%         4
 Animate Dead             Necr           1%         N/A       83%         4
 Cause Fear               Hex            0%         N/A       83%         4
 Dispel Undead            Necr           1%         3d6       83%         4
 Flame Wave               Conj/Fire      1%         2d4       83%         4
 Olgreb's Toxic Radiance  Pois           1%         N/A       83%         4
 Petrify                  Tmut/Erth      1%         N/A       83%         4
 Sticky Flame             Conj/Fire      1%         2d3       83%         4
 Summon Ice Beast         Ice/Summ       1%         N/A       83%         4
 Summon Lightning Spire   Summ/Air       1%         N/A       83%         4
 Dispersal                Tloc           11%        N/A       96%         6
 Agony                    Necr           1%         N/A       99%         5
 Fireball                 Conj/Fire      0%         3d3       99%         5
 Freezing Cloud           Conj/Ice/Air   0%         6-21      99%         5
 Metabolic Englaciation   Hex/Ice        0%         N/A       99%         5
 Silence                  Hex/Air        0%         N/A       99%         5
 Yara's Violent Unravell  Hex/Tmut       0%         3d3       99%         5
 Death Channel            Necr           0%         N/A       100%        6
 Eringya's Noxious Bog    Tmut/Pois      0%         4d6       100%        6
 Plasma Beam              Fire/Air       0%         2x1d10    100%        6
 Simulacrum               Ice/Necr       0%         N/A       100%        6
 Starburst                Conj/Fire      0%         6d3       100%        6
 Summon Cactus Giant      Summ           0%         N/A       100%        6
 Haunt                    Necr/Summ      0%         N/A       100%        7
 Orb of Destruction       Conj           0%         9d5       100%        7
 Ozocubu's Refrigeration  Ice            0%         4d7       100%        7
 Spellforged Servitor     Conj/Summ      0%         N/A       100%        7
 Summon Hydra             Summ           0%         N/A       100%        7
 Borgnjor's Revivificati  Necr           0%         N/A       100%        8
 Disjunction              Tloc           11%        N/A       100%        8
 Infestation              Necr           0%         N/A       100%        8
 Lehudib's Crystal Spear  Conj/Erth      0%         10d2      100%        8
 Chain Lightning          Conj/Air       0%         2d1       100%        9
 Dragon's Call            Summ           0%         N/A       100%        9
 Fire Storm               Conj/Fire      0%         6d1       100%        9
 Shatter                  Erth           0%         3d5*      100%        9
 Sublimation of Blood     Necr           Unusable   N/A       N/A         2
 Animate Armour           Summ/Erth      Unusable   N/A       N/A         4

Dungeon Overview and Level Annotations

Branches:
Dungeon (15/15)            Temple (0/1) D:6            Lair (5/5) D:8
  Swamp (4/4) Lair:3        Snake (4/4) Lair:3        Slime (0/5) Lair:4
    Orc (2/2) D:11            Elf (3/3) Orc:2        Vaults (5/5) D:14
  Crypt (3/3) Vaults:2       Tomb (0/3) Crypt:3      Depths (4/4) D:15
    Zot (5/5) Depths:4    Volcano (visited)         Gauntlet (visited)

Altars:
Dithmenos
Elyvilon
Fedhas
Kikubaaqudgha
Makhleb
Sif Muna
Trog
Vehumet
Wu Jian
Xom
Yredelemnul
Zin
The Shining One
Jiyva

Shops:
D:4 =   D:6 :*   Orc:2 *[:?   Elf:2 [   Elf:3 =   Vaults:2 =   Vaults:3 (
Depths:4 (*(

Portals:
Hell: Depths:1 Depths:2 Depths:4
Abyss: Depths:1 Depths:2
Pandemonium: Depths:2
Ziggurat: Depths:2

Annotations:
D:1 Natasha
D:12 exclusion: two-headed ogre, Rupert
Lair:3 exclusion: 4 oklob plants
Lair:5 1 exclusion
Swamp:4 exclusion: 3 oklob plants
Vaults:2 36 runed doors
Zot:5 1 exclusion


Innate Abilities, Weirdness & Mutations

You are a living statue of rough stone.
Your actions are slow, but your melee attacks are powerful.
You are resistant to unholy torment.
Your maximum health is greatly increased.
You are immune to poison.
You have sharp claws.
You have razor-sharp teeth.
You have supernaturally acute eyesight. (SInv)
((You cover ground quickly. (Speed+)))
((Your thick and shaggy fur keeps you warm. (AC +3, rC+)))
Your paws help you pounce on unaware monsters.
You are incapable of wielding weapons or throwing items.
You cannot wear armour.
You gain extra lives every three experience levels.
((You are partially covered in iridescent scales. (AC +2)))
Your mind is acute. (Int +4, Str/Dex -1)
You occasionally shout uncontrollably at your foes.
You do not regenerate when monsters are visible.
Your muscles are strong. (Str +4, Int/Dex -1)
You occasionally lose the ability to read scrolls when taking damage.


Message History

(H) Hell (Z) Zot
Where to? (Tab/Enter - D:1 @ (x,y), ? - help)
Things that are here:
a +0 robe; a +0 dagger You see here a +0 club.
A green death comes into view.
There is a stone staircase leading up here.
The green death gestures at you.
You climb upwards.
There is a stone staircase leading down here.
(D) Dungeon (T) Temple (L) Lair (S) Swamp (P) Snake Pit (M) Slime Pits (O) Orcish Mines (E) Elven Halls (V) Vaults (C) Crypt (W) Tomb (U) Depths (H) Hell (Z) Zot
Where to? (Tab/Enter - D:1 @ (x,y), ? - help) HP restored.
There is a stone staircase leading up, spattered with blood here.
Things that are here:
a +0 giant spiked club; a +0 giant club You climb upwards.
There is a stone staircase leading down here.
There is a stone staircase leading up here.
You climb upwards.
There is a stone staircase leading down here.
There is a stone staircase leading up here.
You climb upwards.
There is a stone staircase leading down here.
There is a stone staircase leading up here.
You climb upwards.
There is a stone staircase leading down here.
Things that are here:
a stone; a +0 dagger
There is a stone staircase leading up here.
You climb upwards.
There is a stone staircase leading down here.
There is a stone staircase leading up here.
You climb upwards.
There is a stone staircase leading down here.
A glowing orange brain comes into view.
The glowing orange brain pulsates.
You resist with almost no effort.
The glowing orange brain blinks!
You rampage towards the glowing orange brain!
You claw the glowing orange brain!
Your bite misses the glowing orange brain.
The glowing orange brain is moderately wounded.
You scratch the glowing orange brain but do no damage.
You claw the glowing orange brain! You bite the glowing orange brain.
The glowing orange brain is severely wounded.
You claw the glowing orange brain!
You bite the glowing orange brain, but do no damage.
The glowing orange brain is almost dead.
You eviscerate the glowing orange brain!!!
You kill the glowing orange brain!
(D) Dungeon (T) Temple (L) Lair (S) Swamp (P) Snake Pit (M) Slime Pits (O) Orcish Mines (E) Elven Halls (V) Vaults (C) Crypt (W) Tomb (U) Depths (H) Hell (Z) Zot
Where to? (Tab/Enter - D:1 @ (x,y), ? - help)
There is a stone staircase leading up here.
You climb upwards.
The giant cockroach waves its antennae.
There is a stone staircase leading down here.
A giant cockroach is nearby!
The giant cockroach waves its antennae.
The giant cockroach completely misses you.
You eviscerate the giant cockroach!!!
You kill the giant cockroach!
No target in view!
(D) Dungeon (T) Temple (L) Lair (S) Swamp (P) Snake Pit (M) Slime Pits (O) Orcish Mines (E) Elven Halls (V) Vaults (C) Crypt (W) Tomb (U) Depths (H) Hell (Z) Zot
Where to? (Tab/Enter - D:1 @ (x,y), ? - help)
A chaos spawn comes into view.
You eviscerate the chaos spawn!!!
You kill the chaos spawn!
The chaos spawn degenerates into a cloud of primal chaos!
No target in view!
(D) Dungeon (T) Temple (L) Lair (S) Swamp (P) Snake Pit (M) Slime Pits (O) Orcish Mines (E) Elven Halls (V) Vaults (C) Crypt (W) Tomb (U) Depths (H) Hell (Z) Zot
Where to? (Tab/Enter - D:1 @ (x,y), ? - help)
There is an open door here.
Natasha, Servant of Life and Death comes into view.
Natasha moves out of view.
You rampage towards Natasha!
Natasha hisses angrily.
Natasha completely misses you.
You see here a +0 kite shield.
Natasha completely misses you. Natasha attacks as she pursues you!
Natasha completely misses you. Natasha misses you.
Natasha attacks as she pursues you! Natasha completely misses you.
Natasha barely misses you.
There is a staircase leading out of the dungeon here.
Natasha completely misses you.
Natasha casts a spell.
You have escaped!

#.....# #.# #.###.#.......
#.##### ##+###.# #......... #.#
##...##.# ###....... #.##
##.....#.# ###....# #..##
##........# ##.#....#
#####...####...##########.......#
...........'.###.#.♣..[.'....#.##
#####...######♣.#.♣..~~~#...##.#
####..## #♣8h...8~###.###.#
#.....### ♣.#.♣..~~~##.#...#
#(......# ##P#5♣....'..#...#
#.##..#.# #############...#
#.#...#.# #.# ##.## #.#.#.#.# #.#
######## #.# #.#.#.#.#
##.###......# #.# #.#.#.#.#
##...##.####.# #.# #.......#
#.....#.# #.# #.#


You could see Natasha and a cerulean imp (summoned).

Vanquished Creatures
  2 dread liches (Crypt:3)
  Mara (Vaults:3)
  3 ancient liches (Vaults:5)
  Vv (Crypt:1)
  Margery (Vaults:3)
  A curse toe (Zot:1)
  2 golden dragons
  2 electric golems
  2 Orb Guardians
  7 liches
  11 tentacled monstrosities
  2 hellephants (Depths:4)
  A walking frostbound tome (Depths:4)
  3 deep elf blademasters (Elf:3)
  A pandemonium lord (Zot:2)
  A quicksilver dragon (Vaults:5)
  2 deep elf master archers (Elf:3)
  3 titans (Vaults:5)
  2 ancient champions (Crypt:2)
  Frances (D:13)
  7 sphinxes
  A death cob (Zot:4)
  10 tengu reavers
  9 storm dragons
  Kirke (Swamp:2)
  4 thorn hunters
  Aizul (Snake:1)
  4 shadow dragons
  3 fire giants
  3 draconian knights
  8 deep elf sorcerers (Elf:3)
  A fenstrider witch (Swamp:1)
  A draconian monk (Zot:4)
  7 nagarajas
  7 frost giants
  2 ghost moths (Zot:5)
  A draconian scorcher (Zot:2)
  16 vault wardens
  An emperor scorpion (Snake:3)
  2 iron dragons (Vaults:5)
  2 curse skulls
  6 deep elf elementalists
  3 caustic shrike zombies (Crypt:3)
  An orc warlord (Vaults:1)
  A juggernaut zombie (Crypt:3)
  2 draconian shifters
  A quicksilver ooze (shapeshifter) (Vaults:5)
  2 war gargoyles (Vaults:4)
  17 very ugly things
  4 formless jellyfish
  31 ironbound preservers
  A ghoul (Crypt:1)
  5 reapers (Crypt:3)
  A caustic shrike skeleton (Crypt:3)
  2 hydra skeletons
  A draconian annihilator (Zot:5)
  14 stone giants
  A juggernaut skeleton (Crypt:3)
  3 green draconians
  A demonspawn blood saint (Depths:3)
  A demonspawn corrupter (Depths:4)
  7 deep elf demonologists
  10 ironbound thunderhulks
  A bunyip (shapeshifter) (Vaults:5)
  4 eleionomae
  2 red draconians
  5 vampire knights
  The ghost of Foiz Zao the Brawler, a journeyman DrMo of Yredelemnul (D:15)
  5 spark wasps
  A minotaur (D:9)
  4 black draconians
  4 yellow draconians
  Azrael (Elf:1)
  4 white draconians
  15 dire elephants
  2 bunyips
  3 purple draconians
  9 deep elf annihilators
  2 green deaths (Depths:2)
  6 ettins
  11 eidola
  10 deep elf death magi
  5 shambling mangroves
  A merfolk impaler (Depths:1)
  3 entropy weavers
  A mummy priest (Crypt:3)
  Josephine (Lair:4)
  5 deep elf high priests
  5 jiangshi
  4 spriggan zombies (Crypt:3)
  A great orb of eyes (shapeshifter) (Crypt:1)
  7 fire dragons
  12 great orbs of eyes
  2 rakshasas (D:14)
  Fannar (D:10)
  34 vault guards
  21 yaktaur captains
  2 salamander tyrants
  4 ogre magi
  3 death knights
  3 spriggan air magi
  8 boulder beetles
  7 ice dragons
  11 hydras
  13 centaur warriors
  7 alligators
  2 peacekeepers (Vaults:4)
  8 ironbound frosthearts
  5 vampire magi
  15 two-headed ogres
  3 deep troll shamans
  8 anacondas
  5 hell hogs (Depths:4)
  10 naga warriors
  A bennu skeleton (Crypt:2)
  3 spriggan berserkers
  6 deep troll earth magi
  5 tengu warriors
  11 dancing weapons
  12 death yaks
  A storm dragon zombie (Crypt:3)
  8 shock serpents
  5 spriggans
  5 soul eaters (Crypt:3)
  Urug (D:10)
  12 naga sharpshooters
  2 sun demons (D:9)
  10 deep elf knights
  2 fire crabs
  3 iron trolls
  18 hell knights
  A sixfirhy (Gauntlet)
  2 salamander mystics
  A storm dragon skeleton (Crypt:1)
  11 skeletal warriors
  A skyshark (Lair:4)
  4 flayed ghosts
  4 goliath frogs
  A shadow demon (Depths:4)
  4 glowing orange brains
  4 spriggan druids
  52 deep trolls
  A bunyip zombie (Crypt:3)
  3 spectral hydras (Swamp:4)
  11 wizards
  6 bog bodies
  12 lindwurms
  6 naga ritualists
  An anaconda zombie (Crypt:3)
  A harpy (shapeshifter) (D:8)
  7 deep elf archers
  20 phantasmal warriors
  15 ironbound convokers
  6 swamp dragons
  20 deep elf pyromancers
  11 harpies
  A golden dragon skeleton (Crypt:3)
  17 necromancers
  5 orc knights
  A wolf spider (shapeshifter) (Vaults:1)
  22 deep elf zephyrmancers
  4 will-o-the-wisps
  2 stone giant zombies
  54 ugly things
  A wolf spider (Vaults:5)
  A manticore (shapeshifter) (Vaults:3)
  2 orc sorcerers
  8 cyclopes
  3 mana vipers
  4 manticores
  A shadow dragon skeleton (Crypt:1)
  A naga zombie (Crypt:3)
  10 salamanders
  6 elephants
  2 centaur zombies (Crypt:3)
  10 moths of wrath
  31 black mambas
  2 dire elephant zombies
  2 guardian serpents
  Maurice (D:9)
  A human skeleton (Vaults:3)
  A frost giant skeleton (Crypt:1)
  The ghost of greenbourne the Changeling, a novice VSSh (D:6)
  A gargoyle (D:12)
  Joseph (Lair:1)
  19 naga magi
  22 vault sentinels
  An eye of devastation (Vaults:2)
  A torpor snail (Lair:4)
  15 cane toads
  2 naga skeletons
  2 unseen horrors
  A smoke demon (Zot:2)
  A dire elephant skeleton (Crypt:3)
  8 komodo dragons
  2 centaur skeletons
  An orb spider zombie (Crypt:2)
  A red draconian zombie (Crypt:1)
  5 rime drakes
  A komodo dragon (shapeshifter) (D:15)
  3 kobold demonologists
  40 yaktaurs
  A tengu conjurer (D:15)
  7 freezing wraiths
  2 guardian mummies (Crypt:3)
  A red devil (D:13)
  2 death drake zombies (Swamp:4)
  2 harpy zombies (Crypt:3)
  3 hydra zombies (Swamp:4)
  5 trolls
  A merfolk (shapeshifter) (Vaults:5)
  3 tyrant leeches
  A bloated husk (Swamp:3)
  13 hellwings (Crypt:3)
  10 polar bears
  A wolf spider simulacrum (D:13)
  14 hornets
  2 harpy skeletons (Crypt:3)
  5 blink frogs
  4 raiju (Lair:5)
  2 dream sheep
  2 ettin zombies (Crypt:3)
  35 slime creatures
  2 black mamba zombies
  A jumping spider (shapeshifter) (D:15)
  2 jumping spiders
  4 shadows
  A guardian serpent skeleton (Crypt:1)
  5 flying skulls (Crypt:1)
  A spriggan (shapeshifter) (D:12)
  4 centaur simulacra
  3 air elementals
  7 water elementals
  A slime creature zombie (Crypt:2)
  22 yaks
  A wyvern (D:8)
  An ushabti (Crypt:3)
  3 hogs
  17 wraiths
  3 vampires
  3 basilisks
  10 fire bats
  6 humans
  4 fire elementals
  10 vampire mosquitoes
  A neqoxec (Zot:2)
  A golden eye (shapeshifter) (Vaults:5)
  A golden eye (Lair:1)
  A chaos spawn (D:1)
  4 redbacks
  A steam dragon (Lair:4)
  9 wargs
  Menkaure (D:7)
  21 swamp worms
  30 nagas
  A floating eye (Snake:4)
  An acid dragon (D:13)
  2 hydra simulacra (Swamp:4)
  14 hell hounds
  23 water moccasins
  15 orc warriors
  A two-headed ogre skeleton (Crypt:2)
  A water moccasin (shapeshifter) (Lair:3)
  A glowing shapeshifter skeleton (Vaults:3)
  6 ice beasts
  2 swamp drakes (Swamp:4)
  17 black bears
  3 swamp dragon zombies (Swamp:4)
  19 wolves
  A black mamba simulacrum (Crypt:1)
  2 swamp dragon skeletons (Swamp:4)
  A boggart (Orc:1)
  20 ogres
  16 centaurs
  3 kobold brigands (D:9)
  An earth elemental (Elf:2)
  A human zombie (Vaults:3)
  An elf zombie (Crypt:2)
  Blork the orc (D:5)
  3 scorpions
  11 bullfrogs
  A necrophage (Crypt:1)
  7 wyvern skeletons (Crypt:3)
  11 wights
  A polar bear zombie (Crypt:2)
  10 killer bees
  A shapeshifter zombie (Crypt:2)
  A queen bee zombie (Crypt:1)
  4 howler monkeys
  8 electric eels
  7 lava snakes (Volcano)
  4 jellies
  17 orc priests
  2 hounds
  2 sleepcaps
  6 iguanas
  Natasha (D:1)
  24 orc wizards
  4 gnolls
  2 adders
  2 shadow imps
  4 white imps
  6 ufetubi
  A jelly zombie (Crypt:2)
  3 dart slugs
  50 orcs
  9 endoplasms
  6 giant cockroaches
  9 goblins
  3 hobgoblins
  4 jackals (D:5)
  12 kobolds
  A quokka (D:1)
  7 ball pythons
  7 bats
  7 frilled lizards (D:2)
  A frilled lizard skeleton (Crypt:2)
  An orc skeleton (Crypt:2)
  An orc zombie (Crypt:1)
  3 rats (D:1)
1907 creatures vanquished.

Vanquished Creatures (collateral kills)
  Sojobo (Vaults:3)
  An Orb Guardian (Zot:5)
  A death cob (Zot:5)
  2 nagarajas (Snake:4)
  Donald (Swamp:4)
  A tengu reaver (Vaults:3)
  A draconian scorcher (Zot:4)
  A war gargoyle (Vaults:2)
  A peacekeeper (Vaults:2)
  A hydra (D:13)
  An alligator (Swamp:1)
  An ogre mage (Orc:1)
  A death yak (D:9)
  2 naga warriors (Snake:4)
  A boulder beetle (D:12)
  2 two-headed ogres (D:12)
  2 phantasmal warriors (Vaults:5)
  An orc knight (Orc:1)
  2 moths of wrath (Zot:4)
  2 vault sentinels (Vaults:3)
  A yaktaur (Vaults:5)
  A troll (D:9)
  2 polar bears (Lair:5)
  2 nagas (Snake:4)
  2 hell hounds (Lair:5)
  A hydra simulacrum (Swamp:4)
  An orc warrior (D:9)
  3 black bears
  2 ogres (Orc:1)
  3 killer bees (D:9)
  An orc priest (Orc:1)
  An iguana (D:5)
  4 orc wizards
  3 gnolls
  11 orcs
  A goblin (D:3)
  2 kobolds
  A quokka (D:3)
  A frilled lizard (D:3)
69 creatures vanquished.

Vanquished Creatures (others)
  2 death cobs
  A draconian knight (Zot:2)
  A draconian stormcaller (Zot:4)
  A draconian scorcher (Zot:4)
  A draconian annihilator (Zot:4)
  A ghoul (Crypt:1)
  A hydra (D:12)
  A naga warrior (Snake:4)
  A shadow wraith (Vaults:5)
  A bog body (Swamp:3)
  2 deep elf zephyrmancers
  A yaktaur (Vaults:3)
  2 bloated husks
  A spriggan (Swamp:3)
  A human (D:14)
  A water moccasin (Lair:4)
  A wolf (Lair:5)
  A white imp (D:13)
  2 orcs
  A ball lightning (Depths:3)
  4 foxfires (Swamp:4)
28 creatures vanquished.

Grand Total: 2004 creatures vanquished

Notes
Turn   | Place    | Note
-------+----------+-------------------------------------------
     0 | D:1      | EnegeticOcto the Felid Chaos Knight began the quest for the
                  | Orb.
     0 | D:1      | Reached XP level 1. HP: 10/10 MP: 2/2
    35 | D:1      | Reached skill level 1 in Stealth
   157 | D:1      | Reached skill level 2 in Stealth
   339 | D:1      | Reached XP level 2. HP: 14/14 MP: 3/3
   392 | D:1      | XOM: divination: magic mapping
   462 | D:1      | XOM: summons friendly shadow imp
   501 | D:1      | Reached skill level 3 in Stealth
   603 | D:1      | XOM: 1-stop teleportation journey
   611 | D:1      | XOM: give mutations
   611 | D:1      | Gained mutation: You occasionally shout uncontrollably at
                  | your foes. [Xom's mischief]
   611 | D:1      | Gained mutation: You are robust. (+10% HP) [Xom's mischief]
   611 | D:1      | Lost mutation: You occasionally shout uncontrollably at
                  | your foes. [Xom's mischief]
   611 | D:1      | Gained mutation: You occasionally lose the ability to read
                  | scrolls when taking damage. [Xom's mischief]
   730 | D:1      | Reached skill level 1 in Shapeshifting
   900 | D:1      | XOM: give mutations
   900 | D:1      | Gained mutation: You have an increased reservoir of magic.
                  | (+10% MP) [Xom's grace]
   900 | D:1      | Gained mutation: You have a considerably increased
                  | reservoir of magic. (+20% MP) [Xom's grace]
   943 | D:1      | XOM: give mutation
   943 | D:1      | Gained mutation: Your system is resistant to poisons.
                  | (rPois) [Xom's mischief]
  1074 | D:2      | Noticed Natasha
  1089 | D:1      | Killed Natasha
  1090 | D:1      | Reached skill level 2 in Shapeshifting
  1090 | D:1      | Reached XP level 3. HP: 14/18 MP: 4/4
  1249 | D:2      | XOM is BORED!
  1478 | D:2      | Found a faded altar of an unknown god.
  1670 | D:2      | Reached XP level 4. HP: 21/23 MP: 5/5
  1699 | D:2      | Found a blossoming altar of Fedhas.
  1795 | D:2      | Reached skill level 3 in Shapeshifting
  2273 | D:3      | Reached skill level 4 in Shapeshifting
  2273 | D:3      | Reached XP level 5. HP: 26/26 MP: 7/7
  2333 | D:3      | XOM: cloud trail
  2435 | D:3      | XOM: give mutations
  2435 | D:3      | Gained mutation: You are covered in thick fur. (AC +2)
                  | [Xom's grace]
  2435 | D:3      | Gained mutation: You are somewhat resistant to further
                  | mutation. [Xom's grace]
  2435 | D:3      | Gained mutation: Your natural rate of healing is unusually
                  | fast. [Xom's grace]
  2583 | D:3      | Found an ornate altar of the Wu Jian Council.
  2626 | D:3      | Noticed a centaur
  2814 | D:4      | XOM: 2-stop teleportation journey
  2909 | D:4      | XOM: cleaving
  2925 | D:4      | Reached skill level 5 in Shapeshifting
  3114 | D:4      | Found Raruenkitz's Jewellery Boutique.
  3172 | D:4      | XOM: god gift: runed mace {god gift}
  3182 | D:4      | XOM: god gift: scroll labelled XOTOSM IV VUF {god gift}
  3255 | D:4      | XOM: enchant monster (good)
  3268 | D:4      | Mutation became permanent: You are covered in fur. (AC +1)
                  | [Felid growth]
  3268 | D:4      | Gained mutation: You are covered in thick fur. (AC +2)
                  | [Felid growth]
  3268 | D:4      | Reached XP level 6. HP: 30/30 MP: 8/8
  3319 | D:4      | XOM: give mutations
  3319 | D:4      | Gained mutation: You are resistant to electric shocks.
                  | (rElec) [Xom's grace]
  3319 | D:4      | Gained mutation: You expend magic power (3 MP) to
                  | strengthen your wands. [Xom's grace]
  3319 | D:4      | Gained mutation: You are somewhat resistant to both further
                  | mutation and mutation removal. [Xom's grace]
  3610 | D:5      | Entered Level 5 of the Dungeon
  3762 | D:2      | XOM: summons 4 friendly demons
  3868 | D:5      | XOM: scenery: create altars
  3889 | D:5      | Noticed Blork the orc
  3897 | D:5      | Found a bloodstained altar of Trog.
  3938 | D:5      | XOM: butterfly on damage
  3946 | D:5      | Reached skill level 6 in Shapeshifting
  3963 | D:5      | XOM: confuse monster(s)
  3970 | D:5      | XOM: summons 6 friendly demons
  3984 | D:5      | Reached skill level 7 in Shapeshifting
  3984 | D:5      | Reached XP level 7. HP: 23/34 MP: 9/9
  4026 | D:5      | XOM: silly message
  4054 | D:5      | Reached skill level 4 in Dodging
  4114 | D:5      | You fall into a shaft and drop 3 floors!
  4115 | D:8      | Noticed a death yak
  4140 | D:8      | Reached skill level 4 in Fighting
  4148 | D:8      | Noticed a two-headed ogre
  4164 | D:8      | XOM: enchant monster (good)
  4200 | D:8      | XOM: enchant monster (bad)
  4211 | D:8      | Reached skill level 4 in Unarmed Combat
  4217 | D:8      | XOM: smoke on damage
  4223 | D:8      | XOM: cast spell 'Death Channel'
  4223 | D:8      | HP: 1/35 [water moccasin (7)]
  4224 | D:8      | Succumbed to a water moccasin's poison
  4237 | D:8      | XOM: fog
  4239 | D:8      | Reached skill level 5 in Dodging
  4354 | D:6      | Reached XP level 8. HP: 36/39 MP: 10/10
  4376 | D:5      | XOM: summons 2 hostile demons
  4396 | D:5      | XOM: butterfly on damage
  4513 | D:5      | Found a shimmering altar of Xom.
  4525 | D:5      | XOM: cloud trail
  4664 | D:5      | XOM: 1-stop teleportation journey
  4707 | D:5      | Reached skill level 6 in Dodging
  4711 | D:5      | Reached skill level 5 in Fighting
  4711 | D:5      | Reached skill level 5 in Unarmed Combat
  4834 | D:5      | Killed Blork the orc
  4850 | D:5      | Found a shimmering altar of Xom.
  4892 | D:5      | Found a bloodstained altar of Trog.
  5081 | D:5      | Found a shimmering altar of Xom.
  5303 | D:5      | XOM: cloud trail
  5413 | D:6      | XOM: summons friendly quasit
  5423 | D:6      | Reached skill level 6 in Unarmed Combat
  5470 | D:6      | Reached skill level 4 in Stealth
  5541 | D:6      | Found a glowing silver altar of Zin.
  5547 | D:6      | Found a burning altar of Makhleb.
  5552 | D:6      | Found a shadowy altar of Dithmenos.
  5623 | D:6      | Found Ydae's General Store.
  5647 | D:6      | Found a staircase to the Ecumenical Temple.
  5656 | D:6      | Found Biur's Tiny Tomes.
  5682 | D:6      | Reached skill level 5 in Stealth
  5682 | D:6      | Found a white marble altar of Elyvilon.
  5698 | D:6      | XOM: summons 5 hostile demons
  5816 | D:6      | Found a runed translucent door.
  5816 | D:6      | Noticed greenbourne's ghost (novice VSSh)
  5895 | D:6      | XOM: 3-stop teleportation journey
  5902 | D:6      | XOM: stat loss: -1 Int (12/13)
  5963 | D:6      | Found a shimmering blue altar of Sif Muna.
  6097 | D:6      | XOM: swap monsters
  6121 | D:6      | Killed greenbourne's ghost
  6122 | D:6      | Reached skill level 6 in Fighting
  6122 | D:6      | Reached skill level 7 in Unarmed Combat
  6122 | D:6      | Reached XP level 9. HP: 40/45 MP: 11/11
  6402 | D:7      | Identified a scroll of acquirement
  6420 | D:7      | Noticed Menkaure
  6905 | D:7      | XOM: silly message
  7015 | D:7      | Acquired 1123 gold pieces
  7197 | D:4      | Bought an amulet of reflection for 360 gold pieces
  7197 | D:4      | Bought a +6 ring of dexterity for 432 gold pieces
  7283 | D:6      | XOM: god gift: +4 trident of protection
  7295 | D:7      | Killed Menkaure
  7530 | D:7      | XOM: divination: magic mapping
  7613 | D:8      | XOM: give mutations
  7613 | D:8      | Lost mutation: You are resistant to electric shocks.
                  | (rElec) [Xom's mischief]
  7613 | D:8      | Gained mutation: You are agile. (Dex +4, Str/Int -1) [Xom's
                  | mischief]
  7613 | D:8      | Gained mutation: You are partially covered in iridescent
                  | scales. (AC +2) [Xom's mischief]
  7736 | D:8      | Reached skill level 7 in Fighting
  7796 | D:8      | XOM: noise
  7810 | D:8      | XOM: polymorph orc warrior -> naga
  7815 | D:8      | Reached skill level 8 in Unarmed Combat
  7818 | D:8      | XOM: summons 5 hostile demons
  7859 | D:8      | XOM: polymorph ice beast -> black bear
  7868 | D:8      | Reached skill level 8 in Shapeshifting
  7892 | D:8      | Noticed a boulder beetle
  8129 | D:8      | Noticed a death yak
  8130 | D:8      | Noticed a death yak
  8142 | D:8      | XOM: destruction
  8160 | D:8      | XOM: cleaving
  8161 | D:8      | XOM: confusion (+ monsters)
  8179 | D:8      | Killed a death yak
  8180 | D:8      | Reached skill level 9 in Shapeshifting
  8180 | D:8      | Reached XP level 10. HP: 51/51 MP: 13/13
  8192 | D:8      | Killed a death yak
  8193 | D:8      | Reached skill level 10 in Shapeshifting
  8221 | D:8      | Found a staircase to the Lair.
  8343 | D:8      | Noticed a death yak
  8343 | D:8      | Noticed a death yak
  8343 | D:8      | Noticed a death yak
  8345 | D:8      | Noticed a death yak
  8345 | D:8      | XOM: noise
  8364 | D:8      | XOM: destruction
  8387 | D:8      | a death yak changed into a shapeshifter
  8387 | D:8      | XOM: polymorph death yak -> shapeshifter
  8593 | D:8      | XOM: summons 6 hostile demons
  8600 | D:8      | XOM: polymorph ufetubus -> quasit
  8627 | D:8      | Noticed a harpy
  8637 | D:8      | XOM: enchant monster (bad)
  8645 | D:8      | Killed a harpy
  8646 | D:8      | Reached skill level 7 in Dodging
  8656 | D:8      | Reached skill level 8 in Dodging
  8698 | D:9      | XOM: noise
  8703 | D:9      | XOM: blink monster(s)
  8760 | D:8      | XOM: summons 6 hostile demons
  8766 | D:8      | XOM: confuse monster(s)
  8768 | D:8      | Reached skill level 9 in Dodging
  8911 | D:8      | XOM: divination: detect creatures
  8920 | D:8      | XOM: noise
  8925 | D:8      | XOM: stat loss: -1 Str (6/7)
  8949 | D:8      | HP: 1/49 [vampire/vampiric draining (15)]
  8949 | D:8      | XOM: butterfly on damage
  8954 | D:8      | XOM: blink monster(s)
  8993 | D:8      | XOM: silly message
  9010 | D:8      | Noticed a death yak
  9129 | D:9      | XOM: confusion
  9132 | D:9      | XOM: cast spell 'Summon Cactus Giant'
  9143 | D:9      | Reached skill level 10 in Dodging
  9288 | D:9      | XOM: 1-stop teleportation journey
  9378 | D:9      | XOM: summons 6 hostile demons
  9399 | D:9      | XOM: summons friendly white imp
  9405 | D:9      | XOM: chaos upgrade
  9409 | D:9      | Noticed a sixfirhy
  9409 | D:9      | Succumbed to barbed spike wounds
  9428 | D:9      | XOM: give mutations
  9428 | D:9      | Lost mutation: You are partially covered in iridescent
                  | scales. (AC +2) [Xom's mischief]
  9428 | D:9      | Lost mutation: You have a considerably increased reservoir
                  | of magic. (+20% MP) [Xom's mischief]
  9428 | D:9      | Lost mutation: Your system is resistant to poisons. (rPois)
                  | [Xom's mischief]
  9428 | D:9      | Lost mutation: You expend magic power (3 MP) to strengthen
                  | your wands. [Xom's mischief]
  9459 | D:9      | Noticed a sun demon
  9967 | D:10     | Entered Level 10 of the Dungeon
 10014 | D:10     | Noticed Urug
 10071 | D:10     | Noticed Maurice
 10071 | D:10     | XOM: 1-stop teleportation journey
 10087 | D:9      | XOM: summons 2 friendly demons
 10096 | D:9      | XOM: enchant monster (bad)
 10098 | D:9      | Killed Maurice
 10099 | D:9      | Reached skill level 8 in Fighting
 10103 | D:9      | Reached skill level 9 in Unarmed Combat
 10103 | D:9      | Reached XP level 11. HP: 56/56 MP: 13/13
 10190 | D:10     | Noticed a boulder beetle
 10204 | D:10     | XOM: butterfly on damage
 10251 | D:10     | Killed a boulder beetle
 10580 | D:10     | Found a blossoming altar of Fedhas.
 10624 | D:10     | Noticed Fannar
 10632 | D:10     | Killed Fannar
 10633 | D:10     | Reached skill level 9 in Fighting
 10830 | D:10     | XOM: god gift: scroll of amnesia
 11242 | D:8      | a death yak changed into a minotaur
 11242 | D:8      | Noticed a minotaur
 11242 | D:8      | XOM: polymorph death yak -> minotaur
 11279 | D:8      | XOM: scenery: summon butterflies
 11300 | D:8      | XOM: summons friendly ufetubus
 11315 | D:9      | XOM: repel stairs
 11325 | D:9      | XOM: summons 3 hostile shadow creatures
 11473 | D:9      | XOM: cast spell 'Summon Cactus Giant'
 11480 | D:9      | XOM: confuse monster(s)
 11481 | D:9      | Killed a death yak
 11482 | D:9      | Reached skill level 10 in Unarmed Combat
 11537 | D:8      | XOM: divination: magic mapping
 11604 | D:8      | XOM: silly message
 11909 | D:8      | XOM: confuse monster(s)
 11950 | D:8      | XOM: summons friendly crimson imp
 11951 | D:8      | XOM: divination: detect creatures
 11975 | D:8      | XOM: butterfly on damage
 11976 | D:8      | XOM: potion effect (brilliance)
 11992 | D:9      | XOM: confuse monster(s)
 12042 | Lair:1   | Entered Level 1 of the Lair of Beasts
 12091 | Lair:1   | Found a dark tunnel.
 12102 | Volcano  | Entered a volcano
 12122 | Volcano  | XOM: summons friendly shadow imp
 12141 | Volcano  | XOM: noise
 12215 | Volcano  | Reached skill level 10 in Fighting
 12326 | Volcano  | Noticed an orc sorcerer
 12326 | Volcano  | Noticed a red ugly thing
 12419 | Lair:1   | Reached skill level 11 in Unarmed Combat
 12448 | Lair:1   | Noticed a boulder beetle
 12455 | Lair:1   | Killed a boulder beetle
 12456 | Lair:1   | Reached skill level 1 in Evocations
 12465 | Lair:1   | XOM: noise
 12484 | Lair:1   | Reached skill level 6 in Stealth
 12484 | Lair:1   | Reached skill level 2 in Evocations
 12487 | Lair:1   | a cane toad changed into a fire crab
 12487 | Lair:1   | Noticed a fire crab
 12487 | Lair:1   | XOM: polymorph cane toad -> fire crab
 12490 | Lair:1   | Slain by a fire crab
 12495 | Lair:1   | XOM: enchant monster (good)
 12511 | Lair:1   | XOM: smoke on damage
 12529 | Lair:1   | XOM: divination: magic mapping
 12532 | Lair:1   | XOM: polymorph blink frog -> golden eye
 12549 | Lair:1   | XOM: polymorph blink frog -> black bear
 12728 | Lair:1   | Reached skill level 3 in Evocations
 12728 | Lair:1   | Gained mutation: Your thick and shaggy fur keeps you warm.
                  | (AC +3, rC+) [Felid growth]
 12728 | Lair:1   | Reached XP level 12. HP: 63/63 MP: 14/14
 12834 | Lair:1   | Reached skill level 7 in Stealth
 12900 | Lair:1   | Reached skill level 11 in Dodging
 12919 | Lair:1   | Noticed a boulder beetle
 12935 | Lair:1   | Noticed a death yak
 12939 | Lair:1   | XOM: noise
 12947 | Lair:1   | XOM: enchant monster (bad)
 12950 | Lair:1   | Noticed a death yak
 12956 | Lair:1   | Noticed a death yak
 12980 | Lair:1   | XOM: repel stairs
 12984 | Lair:1   | Noticed Joseph
 12997 | Lair:1   | a death yak changed into an azure jelly
 12997 | Lair:1   | Noticed an azure jelly
 12997 | Lair:1   | XOM: polymorph death yak -> azure jelly
 12998 | Lair:1   | XOM: silly message
 13001 | Lair:1   | XOM: divination: detect items
 13008 | Lair:1   | XOM: enchant monster (good)
 13018 | Lair:1   | XOM: 3-stop teleportation journey
 13172 | Lair:2   | XOM: polymorph blink frog -> unseen horror
 13183 | Lair:2   | Reached skill level 4 in Evocations
 13353 | Lair:2   | XOM: enchant monster (bad)
 13379 | Lair:2   | XOM: scenery: create altars
 13388 | Lair:2   | Reached skill level 8 in Stealth
 13392 | Lair:2   | XOM: swap monsters
 13408 | Lair:2   | XOM: confuse monster(s)
 13409 | Lair:2   | XOM: swap monsters
 13716 | Lair:2   | Reached skill level 12 in Dodging
 13716 | Lair:2   | Reached skill level 9 in Stealth
 13769 | Lair:2   | Found a glowing golden altar of the Shining One.
 13968 | Lair:2   | XOM: give mutations
 13968 | Lair:2   | Gained mutation: You have a pair of small horns on your
                  | head. [Xom's mischief]
 13968 | Lair:2   | Lost mutation: You are somewhat resistant to both further
                  | mutation and mutation removal. [Xom's mischief]
 14030 | Lair:2   | XOM: give mutations
 14030 | Lair:2   | Gained mutation: You are strong-willed. (Will+) [Xom's
                  | mischief]
 14030 | Lair:2   | Gained mutation: Your system is resistant to poisons.
                  | (rPois) [Xom's mischief]
 14120 | Lair:2   | XOM: god gift: 51 gold pieces
 14182 | Lair:2   | XOM: give mutation
 14182 | Lair:2   | Lost mutation: You are agile. (Dex +4, Str/Int -1) [Xom's
                  | mischief]
 14478 | Lair:3   | Noticed a death yak
 14478 | Lair:3   | Noticed a death yak
 14478 | Lair:3   | Noticed a death yak
 14503 | Lair:3   | XOM: enchant monster (bad)
 14513 | Lair:3   | Killed a death yak
 14514 | Lair:3   | Reached skill level 13 in Dodging
 14522 | Lair:3   | XOM: cleaving
 14526 | Lair:3   | Killed a death yak
 14532 | Lair:3   | XOM: fog
 14535 | Lair:3   | XOM: polymorph cane toad -> guardian serpent
 14539 | Lair:3   | Killed a death yak
 14544 | Lair:3   | XOM: summons 7 hostile demons
 14604 | Lair:3   | Found a staircase to the Swamp.
 14612 | Lair:3   | XOM: smoke on damage
 14729 | Lair:3   | XOM: stat loss: -1 Dex (25/26)
 14762 | Lair:3   | XOM: fake destruction
 14801 | Lair:3   | Found a staircase to the Snake Pit.
 14807 | Lair:3   | XOM: silly message
 14808 | Lair:3   | XOM: swap monsters
 14895 | Lair:3   | XOM: summons 7 hostile demons
 14900 | Lair:3   | XOM: stat loss: -1 Dex (24/26)
 14929 | Lair:3   | XOM: polymorph komodo dragon -> shapeshifter
 14960 | Lair:3   | XOM: silly message
 15091 | Lair:3   | XOM: 1-stop teleportation journey
 15264 | Lair:3   | Reached skill level 11 in Fighting
 15306 | Lair:3   | XOM: silly message
 15501 | Lair:3   | XOM: scenery: create altars
 15581 | Lair:4   | Reached skill level 12 in Unarmed Combat
 15666 | Lair:3   | XOM: destruction
 15682 | Lair:3   | Reached XP level 13. HP: 69/69 MP: 15/15
 15697 | Lair:4   | Noticed Josephine
 15782 | Lair:4   | XOM: potion effect (attraction)
 15787 | Lair:4   | Killed Josephine
 15946 | Lair:4   | Found a staircase to the Slime Pits.
 15946 | Lair:4   | Found a viscous altar of Jiyva.
 15988 | Lair:4   | XOM: enchant monster (bad)
 16006 | Lair:4   | XOM: 3-stop teleportation journey
 16061 | Lair:4   | XOM: cast spell 'Disjunction'
 16065 | Lair:4   | XOM: summons friendly shadow imp
 16096 | Lair:4   | XOM: enchant monster (bad)
 16100 | Lair:4   | Reached skill level 12 in Fighting
 16103 | Lair:4   | XOM: polymorph cane toad -> komodo dragon
 16178 | Lair:4   | XOM: enchant monster (bad)
 16181 | Lair:4   | XOM: potion effect (invisibility)
 16184 | Lair:4   | XOM: 1-stop teleportation journey
 16271 | Lair:4   | XOM: smoke on damage
 16315 | Lair:4   | Reached skill level 13 in Unarmed Combat
 16678 | Lair:5   | Entered Level 5 of the Lair of Beasts
 16740 | Lair:5   | XOM: cast spell 'Cause Fear'
 17025 | Lair:5   | XOM: swap monsters
 17254 | Lair:5   | XOM: swap monsters
 17434 | Lair:5   | XOM: summons 7 hostile demons
 17470 | Lair:4   | XOM: silly message
 17792 | D:8      | XOM: fog
 17804 | D:8      | Reached skill level 13 in Fighting
 17827 | D:8      | XOM: confuse monster(s)
 17829 | D:8      | XOM: divination: magic mapping
 17894 | D:8      | XOM: cleaving
 17903 | D:8      | Reached skill level 14 in Unarmed Combat
 17904 | D:8      | XOM: give mutation
 17904 | D:8      | Gained mutation: You are partially covered in iridescent
                  | scales. (AC +2) [Xom's grace]
 17963 | D:9      | XOM: divination: detect items
 18008 | D:9      | Slain by a minotaur
 18374 | D:11     | Found a staircase to the Orcish Mines.
 18398 | D:11     | XOM: god gift: fuming emerald potion {god gift}
 18447 | D:11     | XOM: god gift: plate armour {god gift}
 18469 | D:11     | XOM: divination: magic mapping
 18507 | D:11     | XOM: give mutation
 18507 | D:11     | Gained mutation: You expend magic power (3 MP) to
                  | strengthen your wands. [Xom's grace]
 18579 | D:12     | XOM is BORED!
 18579 | D:12     | XOM: summons 7 hostile demons
 18619 | D:12     | Reached skill level 14 in Dodging
 18731 | D:12     | Noticed Rupert
 18743 | D:12     | Got the Spellbook of the Ghoulish Excursion
 18857 | D:12     | Identified the +10 long sword of Kugothrytiu {protect,
                  | rPois rCorr MP-9 Dex+7}
 18929 | D:12     | XOM: god gift: wand of polymorph (5)
 19003 | D:12     | Reached XP level 14. HP: 72/77 MP: 16/16
 19011 | D:12     | Found a gate leading to a gauntlet.
 19020 | Gauntlet | Entered a Gauntlet
 19020 | Gauntlet | Found a transporter.
 19020 | Gauntlet | Found a transporter.
 19038 | Gauntlet | Found a transporter.
 19038 | Gauntlet | XOM: divination: detect creatures
 19042 | Gauntlet | Found a transporter.
 19050 | Gauntlet | Found a transporter.
 19054 | Gauntlet | Found a transporter.
 19062 | Gauntlet | Found a transporter.
 19078 | Gauntlet | Found a transporter.
 19092 | Gauntlet | Found a transporter.
 19096 | Gauntlet | Found a transporter.
 19104 | Gauntlet | Found a transporter.
 19108 | Gauntlet | Found a transporter.
 19166 | Gauntlet | XOM: give mutations
 19166 | Gauntlet | Lost mutation: You are strong-willed. (Will+) [Xom's
                  | mischief]
 19166 | Gauntlet | Gained mutation: You possess an exceptional clarity of
                  | mind. [Xom's mischief]
 19166 | Gauntlet | Gained mutation: Your body sometimes deteriorates upon
                  | taking damage. [Xom's mischief]
 19166 | Gauntlet | Gained mutation: You occasionally shout uncontrollably at
                  | your foes. [Xom's mischief]
 19232 | Gauntlet | XOM: give mutation
 19232 | Gauntlet | Gained mutation: Your mind is acute. (Int +4, Str/Dex -1)
                  | [Xom's mischief]
 19281 | Gauntlet | XOM: fog
 19361 | Gauntlet | XOM: summons friendly iron imp
 19367 | Gauntlet | Identified the ring "Beure" {Drain EV+5 Int+5}
 19368 | Gauntlet | XOM: potion effect (berserk rage)
 19431 | Gauntlet | Got the Omnibus of Firn and Incandescence
 19478 | D:12     | XOM: fog
 19541 | Orc:1    | Entered Level 1 of the Orcish Mines
 19570 | Orc:1    | Reached skill level 15 in Dodging
 19606 | Orc:1    | XOM: 1-stop teleportation journey
 19671 | Orc:2    | Entered Level 2 of the Orcish Mines
 19702 | Orc:2    | XOM: polymorph ogre -> boggart
 19711 | Orc:1    | Reached skill level 5 in Evocations
 19712 | Orc:1    | XOM: cast spell 'Leda's Liquefaction'
 19740 | Orc:2    | Noticed Sonja
 19774 | Orc:1    | XOM: divination: detect creatures
 19887 | D:12     | Reached skill level 6 in Evocations
 19925 | D:12     | Found a shadowy altar of Dithmenos.
 20097 | D:12     | XOM: scenery: summon butterflies
 20101 | D:12     | XOM: cast spell 'Summon Cactus Giant'
 20122 | D:12     | XOM: polymorph acid dragon -> hog
 20125 | D:12     | XOM: chaos upgrade
 20131 | D:12     | XOM: noise
 20218 | D:12     | Reached skill level 7 in Evocations
 20280 | D:12     | Reached skill level 8 in Evocations
 20297 | D:12     | XOM: torment (40/77 hp)
 20360 | D:12     | XOM: smoke on damage
 20361 | D:12     | XOM: summons friendly crimson imp
 20376 | D:12     | XOM: summons 2 friendly demons
 20495 | D:12     | XOM: summons friendly white imp
 20516 | D:12     | XOM: butterfly on damage
 20519 | D:12     | XOM: potion effect (attraction)
 20617 | D:12     | XOM: cleaving
 20619 | D:12     | XOM: butterfly on damage
 20717 | D:12     | XOM: fog
 20728 | D:12     | XOM: cleaving
 20734 | D:12     | XOM: summons 4 friendly demons
 20736 | D:12     | Reached skill level 9 in Evocations
 21057 | Orc:1    | XOM: scenery: create altars
 21075 | Orc:1    | Found a radiant altar of Vehumet.
 21075 | Orc:1    | XOM: 2-stop teleportation journey
 21144 | Orc:1    | XOM: god gift: potion of enlightenment
 21281 | Orc:2    | Reached skill level 10 in Evocations
 21320 | Orc:1    | XOM: divination: magic mapping
 21410 | Orc:1    | XOM: potion effect (heal wounds)
 21419 | Orc:1    | Reached skill level 11 in Shapeshifting
 21433 | Orc:2    | XOM: divine lightning
 21477 | Orc:1    | XOM: enchant monster (good)
 21482 | Orc:1    | XOM: fog
 21531 | Orc:1    | XOM: cast spell 'Summon Hydra'
 21550 | Orc:2    | Sonja changed into Sonja the black bear
 21550 | Orc:2    | Noticed Sonja
 21558 | Orc:2    | Killed Sonja the black bear
 21606 | Orc:2    | XOM: enchant monster (good)
 21700 | Orc:2    | Found Zalaisur's Armour Shop.
 21700 | Orc:2    | Found Taenk's Assorted Antiques.
 21701 | Orc:2    | Found Tiep's Magic Scroll Shoppe.
 21701 | Orc:2    | Found Wimiper's Book Shop.
 21715 | Orc:2    | XOM: give mutations
 21715 | Orc:2    | Gained mutation: You are very robust. (+20% HP) [Xom's
                  | grace]
 21715 | Orc:2    | Gained mutation: Your flesh is heat resistant. (rF+) [Xom's
                  | grace]
 21715 | Orc:2    | Gained mutation: Your muscles are strong. (Str +4, Int/Dex
                  | -1) [Xom's grace]
 21747 | Orc:2    | Bought a scroll of teleportation for 45 gold pieces
 21747 | Orc:2    | Bought a scroll of teleportation for 45 gold pieces
 21747 | Orc:2    | Bought a scroll of teleportation for 45 gold pieces
 21747 | Orc:2    | Bought a scroll of silence for 142 gold pieces
 21747 | Orc:2    | Bought a scroll of identify for 30 gold pieces
 21747 | Orc:2    | Bought a scroll of identify for 30 gold pieces
 21748 | Orc:2    | Bought 2 lumpy white potions for 57 gold pieces
 21748 | Orc:2    | Bought a short ivory wand for 128 gold pieces
 21748 | Orc:2    | Bought a scroll of fear for 128 gold pieces
 21928 | Orc:2    | Found a staircase to the Elven Halls.
 21931 | Orc:2    | XOM: polymorph two-headed ogre -> lindwurm
 22000 | Orc:2    | Learned a level 2 spell: Blink
 22066 | Orc:1    | Reached skill level 1 in Translocations
 22255 | D:13     | Noticed Frances
 22255 | D:13     | XOM: 7-stop teleportation journey
 22256 | D:13     | XOM: cleaving
 22257 | D:13     | XOM: destruction
 22261 | D:13     | XOM: fog
 22262 | D:13     | HP: 1/84 [centaur warrior/arrow (18)]
 22263 | D:13     | XOM: enchant monster (good)
 22265 | D:13     | Slain by a wolf spider simulacrum
 22341 | D:13     | Reached skill level 2 in Translocations
 22373 | D:13     | XOM: cast spell 'Summon Small Mammal'
 22383 | D:13     | Killed Frances
 22384 | D:13     | Reached skill level 3 in Translocations
 22384 | D:13     | Reached skill level 12 in Shapeshifting
 22480 | D:13     | Reached XP level 15. HP: 87/87 MP: 17/17
 22495 | D:13     | Reached skill level 4 in Translocations
 22644 | D:13     | Reached skill level 5 in Translocations
 22839 | D:13     | XOM: divination: magic mapping
 22851 | D:13     | XOM: give mutations
 22851 | D:13     | Gained mutation: You are somewhat resistant to both further
                  | mutation and mutation removal. [Xom's grace]
 22851 | D:13     | Gained mutation: You have a pair of horns on your head.
                  | [Xom's grace]
 22851 | D:13     | Lost mutation: You are somewhat resistant to both further
                  | mutation and mutation removal. [Xom's grace]
 22851 | D:13     | Lost mutation: You are somewhat resistant to further
                  | mutation. [Xom's grace]
 22851 | D:13     | Gained mutation: You have hidden genetic potential. [Xom's
                  | grace]
 22851 | D:13     | Gained mutation: You are extremely robust. (+30% HP) [Xom's
                  | grace]
 23411 | D:13     | XOM: destruction
 23421 | D:13     | XOM: enchant monster (bad)
 23590 | D:13     | XOM: smoke on damage
 23655 | D:14     | XOM: 2-stop teleportation journey
 23679 | D:13     | XOM: give mutations
 23679 | D:13     | Gained mutation: You are mostly covered in iridescent
                  | scales. (AC +4) [Xom's grace]
 23679 | D:13     | Gained mutation: You are strong-willed. (Will+) [Xom's
                  | grace]
 23679 | D:13     | Gained mutation: Your skin changes colour to match your
                  | surroundings (Stealth+). [Xom's grace]
 23679 | D:13     | Lost mutation: You have hidden genetic potential. [Xom's
                  | grace]
 23679 | D:13     | Gained mutation: You are somewhat resistant to further
                  | mutation. [Xom's grace]
 23830 | D:14     | XOM: summons 13 friendly demons
 23850 | D:14     | XOM: confuse monster(s)
 23943 | D:14     | XOM: blink monster(s)
 24007 | D:14     | XOM: 2-stop teleportation journey
 24033 | D:14     | Found a glowing golden altar of the Shining One.
 24075 | D:14     | XOM: cleaving
 24225 | D:14     | XOM: polymorph human -> fire bat
 24226 | D:14     | XOM: fake destruction
 24232 | D:14     | XOM: enchant monster (good)
 24234 | D:14     | XOM: fog
 24236 | D:14     | XOM: cast spell 'Call Canine Familiar'
 24251 | D:14     | XOM: 4-stop teleportation journey
 24351 | D:14     | Identified the +4 great sword of Boibum {venom, rF+ rC+
                  | rCorr Dex+3}
 24377 | D:14     | XOM: fog
 24398 | D:14     | XOM: silly message
 24411 | D:14     | Found a gate to the Vaults.
 24484 | D:14     | Reached skill level 16 in Dodging
 24641 | D:15     | Entered Level 15 of the Dungeon
 24873 | D:15     | XOM: cast spell 'Call Canine Familiar'
 24949 | D:15     | XOM: cast spell 'Metabolic Englaciation'
 25082 | D:15     | Reached skill level 14 in Fighting
 25141 | D:15     | XOM: summons friendly crimson imp
 25225 | D:15     | Found a staircase to the Depths.
 25228 | D:15     | Reached skill level 15 in Unarmed Combat
 25275 | D:15     | Found a runed translucent door.
 25275 | D:15     | Noticed Foiz Zao's ghost (journeyman DrMo)
 25658 | D:8      | XOM: noise
 25848 | D:10     | Killed Urug
 25934 | D:8      | an azure jelly changed into a sphinx
 25934 | D:8      | Noticed a sphinx
 25934 | D:8      | XOM: polymorph azure jelly -> sphinx
 25935 | D:8      | XOM: summons friendly quasit
 25940 | D:8      | XOM: fake destruction
 25953 | D:7      | XOM: silly message
 25967 | D:8      | XOM: potion effect (experience)
 25967 | D:8      | Reached skill level 13 in Shapeshifting
 25967 | D:8      | Reached XP level 16. HP: 102/102 MP: 18/18
 25971 | D:8      | Killed a sphinx
 26000 | Lair:1   | Killed Joseph
 26190 | Lair:1   | XOM: blink monster(s)
 26446 | Lair:5   | Reached skill level 1 in Spellcasting
 26447 | Lair:5   | XOM: swap monsters
 26489 | Lair:5   | XOM: summons 6 friendly demons
 26492 | Lair:5   | Reached skill level 17 in Dodging
 26544 | Lair:5   | Reached XP level 17. HP: 109/109 MP: 21/21
 26626 | Lair:5   | XOM: divination: magic mapping
 26652 | Lair:5   | XOM: confuse monster(s)
 26740 | Snake:1  | Entered Level 1 of the Snake Pit
 26841 | Snake:1  | XOM: cast spell 'Disjunction'
 26859 | Snake:1  | XOM: enchant monster (bad)
 27003 | Snake:1  | XOM: give mutation
 27003 | Snake:1  | Gained mutation: You heal very quickly. [Xom's grace]
 27131 | Snake:1  | Reached skill level 15 in Fighting
 27193 | Snake:1  | Noticed Aizul
 27201 | Snake:1  | Learned a level 4 spell: Manifold Assault
 27318 | Snake:1  | XOM: smoke on damage
 27321 | Snake:1  | XOM: enchant monster (good)
 27396 | Snake:1  | XOM: 2-stop teleportation journey
 27437 | Snake:1  | Killed Aizul
 27438 | Snake:1  | Reached skill level 18 in Dodging
 27438 | Snake:1  | Reached skill level 16 in Unarmed Combat
 28095 | Snake:2  | XOM: enchant monster (good)
 28103 | Snake:2  | XOM: summons friendly iron imp
 28112 | Snake:2  | XOM: smoke on damage
 28113 | Snake:2  | XOM: repel stairs
 28117 | Snake:2  | XOM: polymorph naga -> hog
 28301 | Snake:2  | XOM: 2-stop teleportation journey
 28366 | Snake:2  | Reached skill level 14 in Shapeshifting
 28824 | Snake:3  | XOM: summons friendly iron imp
 28854 | Snake:3  | Noticed Asterion
 28856 | Snake:3  | Asterion changed into Asterion the emperor scorpion
 28856 | Snake:3  | Noticed Asterion
 29224 | Snake:3  | XOM: swap monsters
 29233 | Snake:3  | XOM: scenery: summon butterflies
 29234 | Snake:3  | Killed Asterion the emperor scorpion
 29494 | Snake:3  | XOM: cloud trail
 29765 | Snake:3  | XOM: summons 4 hostile shadow creatures
 30092 | Snake:4  | Entered Level 4 of the Snake Pit
 30135 | Snake:4  | XOM: summons friendly white imp
 30178 | Snake:4  | XOM: snakes to sticks
 30198 | Snake:3  | XOM: noise
 30221 | Snake:4  | XOM: give mutations
 30221 | Snake:4  | Lost mutation: Your body sometimes deteriorates upon taking
                  | damage. [Xom's mischief]
 30221 | Snake:4  | Lost mutation: You are somewhat resistant to further
                  | mutation. [Xom's mischief]
 30221 | Snake:4  | Lost mutation: You expend magic power (3 MP) to strengthen
                  | your wands. [Xom's mischief]
 30225 | Snake:4  | XOM: 3-stop teleportation journey
 30343 | Snake:4  | Reached skill level 15 in Shapeshifting
 30407 | Snake:4  | XOM: silly message
 30675 | Snake:4  | XOM: 1-stop teleportation journey
 30730 | Snake:4  | XOM: 1-stop teleportation journey
 30777 | Snake:4  | XOM: summons 2 hostile shadow creatures
 30943 | Snake:4  | XOM: polymorph naga warrior -> floating eye
 30946 | Snake:4  | Paralysed by a floating eye for 2 turns
 31182 | Snake:4  | XOM is BORED!
 31182 | Snake:4  | XOM: summons 9 hostile demons
 31429 | Snake:4  | XOM: noise
 31446 | Snake:4  | XOM: 4-stop teleportation journey
 31509 | Snake:4  | XOM: polymorph naga -> human
 31523 | Snake:4  | XOM: polymorph naga sharpshooter -> glowing orange brain
 31577 | Snake:4  | XOM: enchant monster (good)
 31695 | Snake:4  | Reached XP level 18. HP: 115/115 MP: 22/22
 31728 | Snake:4  | XOM: cleaving
 31730 | Snake:4  | Reached skill level 19 in Dodging
 31800 | Snake:4  | XOM: summons 13 friendly demons
 31869 | Snake:4  | Got a serpentine rune of Zot
 32010 | Swamp:1  | Entered Level 1 of the Swamp
 32017 | Swamp:1  | XOM: noise
 32152 | Swamp:1  | XOM: cast spell 'Discord'
 32155 | Swamp:1  | Reached skill level 17 in Unarmed Combat
 32196 | Swamp:1  | XOM: blink monster(s)
 32257 | Swamp:1  | XOM: confuse monster(s)
 32260 | Swamp:1  | XOM: potion effect (brilliance)
 32303 | Swamp:1  | XOM: silly message
 32706 | Swamp:2  | XOM: divination: detect creatures
 32719 | Swamp:2  | Noticed Kirke
 32731 | Swamp:2  | Killed Kirke
 32878 | Swamp:2  | Identified the +6 arbalest of the Purple Skies {penet,
                  | Will++ Str+2 Int+2}
 33015 | Swamp:2  | Reached skill level 20 in Dodging
 33116 | Swamp:2  | XOM: divination: detect items
 33235 | Swamp:3  | XOM: potion effect (experience)
 33235 | Swamp:3  | Reached skill level 11 in Evocations
 33235 | Swamp:3  | Reached XP level 19. HP: 120/120 MP: 23/23
 33311 | Swamp:3  | XOM: divination: detect items
 33412 | Swamp:3  | XOM: silly message
 33552 | Swamp:3  | XOM: give mutations
 33552 | Swamp:3  | Lost mutation: You occasionally lose the ability to read
                  | scrolls when taking damage. [Xom's mischief]
 33552 | Swamp:3  | Lost mutation: You are extremely robust. (+30% HP) [Xom's
                  | mischief]
 33552 | Swamp:3  | Lost mutation: You heal very quickly. [Xom's mischief]
 33552 | Swamp:3  | Lost mutation: You possess an exceptional clarity of mind.
                  | [Xom's mischief]
 33622 | Swamp:3  | XOM: blink monster(s)
 33703 | Swamp:4  | Entered Level 4 of the Swamp
 33715 | Swamp:3  | Reached skill level 18 in Unarmed Combat
 33878 | Swamp:4  | XOM: blink monster(s)
 33889 | Swamp:4  | Identified the +0 kite shield "Folevaink" {-Cast rPois
                  | Dex+3}
 33889 | Swamp:4  | Noticed Donald
 33895 | Swamp:4  | XOM: scenery: summon butterflies
 33965 | Swamp:3  | XOM: give mutations
 33965 | Swamp:3  | Lost mutation: You have an increased reservoir of magic.
                  | (+10% MP) [Xom's mischief]
 33965 | Swamp:3  | Lost mutation: You occasionally shout uncontrollably at
                  | your foes. [Xom's mischief]
 33965 | Swamp:3  | Lost mutation: You are very robust. (+20% HP) [Xom's
                  | mischief]
 33965 | Swamp:3  | Lost mutation: Your natural rate of healing is unusually
                  | fast. [Xom's mischief]
 34009 | Swamp:4  | XOM: summons friendly iron imp
 34095 | Swamp:4  | XOM: polymorph swamp dragon -> elephant
 34103 | Swamp:4  | XOM: chaos upgrade
 34246 | Swamp:3  | XOM: scenery: summon butterflies
 34604 | Swamp:4  | Reached skill level 12 in Evocations
 34850 | Swamp:4  | XOM: smoke on damage
 35102 | Swamp:4  | XOM: give mutations
 35102 | Swamp:4  | Lost mutation: Your flesh is heat resistant. (rF+) [Xom's
                  | mischief]
 35102 | Swamp:4  | Lost mutation: Your system is resistant to poisons. (rPois)
                  | [Xom's mischief]
 35102 | Swamp:4  | Lost mutation: You are strong-willed. (Will+) [Xom's
                  | mischief]
 35102 | Swamp:4  | Lost mutation: You are mostly covered in iridescent scales.
                  | (AC +4) [Xom's mischief]
 35120 | Swamp:4  | Killed Donald
 35260 | Swamp:4  | XOM: chaos upgrade
 35424 | Swamp:4  | Found a basalt altar of Yredelemnul.
 35439 | Swamp:4  | Got a decaying rune of Zot
 35716 | Swamp:4  | XOM: god gift: 51 gold pieces
 35879 | Swamp:4  | XOM: cast spell 'Summon Mana Viper'
 36014 | Swamp:4  | XOM: potion effect (might)
 36110 | Swamp:4  | XOM: divination: magic mapping
 36235 | Swamp:4  | XOM: confuse monster(s)
 36404 | Swamp:4  | XOM: summons 5 friendly demons
 36417 | Swamp:4  | Found a blossoming altar of Fedhas.
 36882 | Vaults:1 | Entered Level 1 of the Vaults
 36915 | Vaults:1 | XOM: cast spell 'Olgreb's Toxic Radiance'
 37167 | Vaults:1 | XOM: silly message
 37213 | Vaults:1 | XOM: confuse monster(s)
 37280 | Vaults:1 | XOM: 2-stop teleportation journey
 37326 | Vaults:1 | Reached XP level 20. HP: 107/107 MP: 22/22
 37400 | Vaults:1 | Reached skill level 16 in Fighting
 37401 | Vaults:1 | Identified the staff of Cocytus {rF+ Str+2 Fire}
 37401 | Vaults:1 | XOM: confuse monster(s)
 37520 | Vaults:1 | Reached skill level 13 in Evocations
 37521 | Vaults:1 | XOM: enchant monster (good)
 37555 | Vaults:1 | XOM: butterfly on damage
 37920 | Vaults:1 | XOM: god gift: 50 gold pieces
 37970 | Vaults:1 | XOM: destruction
 37985 | Vaults:1 | XOM: confuse monster(s)
 37988 | Vaults:1 | Reached skill level 19 in Unarmed Combat
 38208 | Vaults:1 | XOM: cloud trail
 38745 | Vaults:2 | XOM: noise
 38754 | Vaults:2 | XOM: summons 7 friendly demons
 38764 | Vaults:2 | Found a staircase to the Crypt.
 38788 | Vaults:2 | XOM: chaos upgrade
 38814 | Vaults:2 | XOM: enchant monster (bad)
 38841 | Vaults:1 | XOM: confusion
 38858 | Vaults:1 | XOM: enchant monster (bad)
 38871 | Vaults:1 | XOM: give mutations
 38871 | Vaults:1 | Lost mutation: You are partially covered in iridescent
                  | scales. (AC +2) [Xom's mischief]
 38871 | Vaults:1 | Lost mutation: Your skin changes colour to match your
                  | surroundings (Stealth+). [Xom's mischief]
 38871 | Vaults:1 | Lost mutation: Your muscles are strong. (Str +4, Int/Dex
                  | -1) [Xom's mischief]
 38871 | Vaults:1 | Gained mutation: You are partially covered in large bone
                  | plates. (SH +4) [Xom's mischief]
 38914 | Vaults:1 | XOM: swap monsters
 38928 | Vaults:1 | XOM: noise
 39273 | Vaults:2 | XOM: enchant monster (bad)
 40284 | Vaults:1 | XOM: summons 2 hostile demons
 40493 | Vaults:1 | XOM: summons 1 hostile demon
 40945 | Vaults:1 | Reached skill level 14 in Evocations
 40976 | Vaults:2 | XOM: blink monster(s)
 41175 | Vaults:2 | XOM: divine lightning
 41190 | Vaults:2 | XOM: summons 1 hostile demon
 41271 | Vaults:2 | Reached skill level 17 in Fighting
 41477 | Vaults:2 | XOM: blink monster(s)
 41489 | Vaults:2 | Identified the +4 plate armour "Fiumeomp" {rElec Will+
                  | Dex-2 Stlth+}
 41493 | Vaults:2 | Identified the +8 plate armour of Yvved {Harm rPois}
 41543 | Vaults:2 | XOM: give mutation
 41543 | Vaults:2 | Gained mutation: Your magical capacity is low. (-10% MP)
                  | [Xom's mischief]
 41552 | Vaults:2 | XOM: summons 4 hostile demons
 41563 | Vaults:2 | XOM: summons 4 hostile demons
 41568 | Vaults:2 | XOM: chaos upgrade
 41632 | Vaults:2 | XOM: 3-stop teleportation journey
 41729 | Vaults:2 | XOM: noise
 42049 | Vaults:2 | XOM: noise
 42060 | Vaults:2 | Reached skill level 15 in Evocations
 42066 | Vaults:2 | XOM: torment (56/110 hp)
 42300 | Vaults:2 | XOM: noise
 42507 | Vaults:2 | Found a huge runed gate.
 42507 | Vaults:2 | Found a huge runed gate.
 42507 | Vaults:2 | Found a huge runed gate.
 42507 | Vaults:2 | Found a huge runed gate.
 42507 | Vaults:2 | Found a huge runed gate.
 42508 | Vaults:2 | Found a huge runed gate.
 42508 | Vaults:2 | Found a huge runed gate.
 42508 | Vaults:2 | Found a huge runed gate.
 42508 | Vaults:2 | Found a huge runed gate.
 42510 | Vaults:2 | Found a huge runed gate.
 42510 | Vaults:2 | Found a huge runed gate.
 42510 | Vaults:2 | Found a huge runed gate.
 42510 | Vaults:2 | Found a huge runed gate.
 42510 | Vaults:2 | Found a huge runed gate.
 42511 | Vaults:2 | Found a huge runed gate.
 42512 | Vaults:2 | Found a huge runed gate.
 42513 | Vaults:2 | Found a huge runed gate.
 42514 | Vaults:2 | Found a huge runed gate.
 42522 | Vaults:2 | Found a huge runed gate.
 42522 | Vaults:2 | Found a huge runed gate.
 42522 | Vaults:2 | Found a huge runed gate.
 42522 | Vaults:2 | Found a huge runed gate.
 42522 | Vaults:2 | Found a huge runed gate.
 42522 | Vaults:2 | Found a huge runed gate.
 42522 | Vaults:2 | Found a huge runed gate.
 42523 | Vaults:2 | Found a huge runed gate.
 42524 | Vaults:2 | Found a huge runed gate.
 42551 | Vaults:2 | Found a huge runed gate.
 42551 | Vaults:2 | Found a huge runed gate.
 42551 | Vaults:2 | Found a huge runed gate.
 42551 | Vaults:2 | Found a huge runed gate.
 42551 | Vaults:2 | Found a huge runed gate.
 42551 | Vaults:2 | Found a huge runed gate.
 42552 | Vaults:2 | Found a huge runed gate.
 42553 | Vaults:2 | Found a huge runed gate.
 42554 | Vaults:2 | Found a huge runed gate.
 42604 | Vaults:2 | Found Coeck's Jewellery Emporium.
 42612 | Vaults:2 | Bought the ring of Suig {rF+ AC+4 Str-2 Int+2} for 700 gold
                  | pieces
 42708 | Vaults:3 | XOM: enchant monster (bad)
 42895 | Vaults:3 | Reached skill level 20 in Unarmed Combat
 42937 | Vaults:3 | XOM: give mutations
 42937 | Vaults:3 | Gained mutation: You occasionally lose the ability to drink
                  | potions when taking damage. [Xom's mischief]
 42937 | Vaults:3 | Lost mutation: You are partially covered in large bone
                  | plates. (SH +4) [Xom's mischief]
 43128 | Vaults:3 | Reached XP level 21. HP: 115/115 MP: 21/21
 43247 | Vaults:3 | XOM: smoke on damage
 43317 | Vaults:3 | XOM: noise
 43357 | Vaults:3 | XOM: 4-stop teleportation journey
 43365 | Vaults:3 | Noticed Margery
 43375 | Vaults:3 | Killed Margery
 43595 | Vaults:3 | Found Ufrud's Antique Weapon Shop.
 43595 | Vaults:3 | Noticed Sojobo
 43595 | Vaults:3 | XOM: 4-stop teleportation journey
 43645 | Vaults:3 | XOM: give mutations
 43645 | Vaults:3 | Lost mutation: Your magical capacity is low. (-10% MP)
                  | [Xom's mischief]
 43645 | Vaults:3 | Gained mutation: You are vulnerable to heat. (rF-) [Xom's
                  | mischief]
 43645 | Vaults:3 | Lost mutation: You have a pair of horns on your head.
                  | [Xom's mischief]
 43645 | Vaults:3 | Gained mutation: You are partially covered in iridescent
                  | scales. (AC +2) [Xom's mischief]
 43681 | Vaults:3 | Reached skill level 18 in Fighting
 43867 | Vaults:3 | You fall into a shaft and drop 1 floor!
 43889 | Vaults:4 | XOM: summons 3 hostile shadow creatures
 43945 | Vaults:4 | XOM: give mutation
 43945 | Vaults:4 | Lost mutation: You occasionally lose the ability to drink
                  | potions when taking damage. [Xom's mischief]
 43984 | Vaults:4 | XOM: confusion
 44010 | Vaults:4 | XOM: confusion
 44012 | Vaults:4 | XOM: give mutations
 44012 | Vaults:4 | Lost mutation: You are vulnerable to heat. (rF-) [Xom's
                  | mischief]
 44012 | Vaults:4 | Lost mutation: You are robust. (+10% HP) [Xom's mischief]
 44012 | Vaults:4 | Lost mutation: You have a pair of small horns on your head.
                  | [Xom's mischief]
 44060 | Vaults:4 | Reached skill level 16 in Evocations
 44155 | Vaults:4 | XOM: chaos upgrade
 44358 | Vaults:4 | XOM: give mutations
 44358 | Vaults:4 | Gained mutation: Your flesh is cold resistant. (rC+) [Xom's
                  | mischief]
 44358 | Vaults:4 | Gained mutation: Your spells are a little harder to cast,
                  | but a little more powerful. [Xom's mischief]
 44358 | Vaults:4 | Gained mutation: Your magical capacity is low. (-10% MP)
                  | [Xom's mischief]
 44358 | Vaults:4 | Gained mutation: Your muscles are strong. (Str +4, Int/Dex
                  | -1) [Xom's mischief]
 44386 | Vaults:4 | Found a portal to a secret trove of treasure.
 44390 | Vaults:4 | You paid a toll of 13 potions of heal wounds to enter a
                  | treasure trove
 44391 | Trove    | Entered a treasure trove
 44415 | Trove    | Identified the ring "Daga" {Wiz Drain rC+ Str+2 SInv}
 44440 | Trove    | Identified the +1 shadow dragon scales "Lolloju" {Dex+3
                  | Stlth++++}
 44499 | Vaults:4 | XOM: chaos cloud
 44508 | Vaults:4 | XOM: stat loss: -1 Dex (21/22)
 44681 | Vaults:4 | XOM: summons 2 hostile shadow creatures
 44683 | Vaults:4 | Reached skill level 19 in Fighting
 44691 | Vaults:4 | XOM: swap monsters
 44821 | Vaults:4 | XOM: torment (100/128 hp)
 45126 | Vaults:4 | XOM: noise
 45499 | Vaults:4 | XOM: stat loss: -1 Str (8/9)
 45520 | Vaults:4 | Reached skill level 16 in Shapeshifting
 45761 | Vaults:3 | XOM: destruction
 45841 | Vaults:3 | Noticed Mara
 45841 | Vaults:3 | XOM: 5-stop teleportation journey
 45849 | Vaults:3 | Killed Mara
 46077 | Vaults:3 | XOM: cast spell 'Leda's Liquefaction'
 46082 | Vaults:3 | Reached skill level 17 in Shapeshifting
 46175 | Vaults:3 | XOM: 4-stop teleportation journey
 46273 | Vaults:3 | XOM: 1-stop teleportation journey
 46281 | Vaults:3 | XOM: cloud trail
 46331 | Vaults:3 | XOM: scenery: 1 doors close
 46599 | Vaults:3 | Killed Sojobo
 47049 | Elf:1    | Entered Level 1 of the Elven Halls
 47107 | Elf:1    | XOM: god gift: 34 gold pieces
 47132 | Elf:1    | XOM: polymorph deep elf archer -> moth of wrath
 47173 | Elf:1    | Noticed Azrael
 47178 | Elf:1    | Killed Azrael
 47209 | Elf:1    | XOM: scenery: 1 doors close
 47357 | Elf:2    | XOM: divination: detect items
 47453 | Elf:2    | Found Logaoz's Antique Armour Boutique.
 47493 | Elf:1    | Reached XP level 22. HP: 112/112 MP: 22/22
 47515 | Elf:1    | Reached skill level 18 in Shapeshifting
 47522 | Elf:1    | XOM: chaos upgrade
 47790 | Elf:1    | XOM: fog
 47833 | Elf:1    | XOM: cloud trail
 48525 | Elf:2    | XOM: summons 5 hostile demons
 48564 | Elf:2    | Identified the +6 scimitar "Loopy" {heavy, Will+ Int+3
                  | Dex+2}
 48651 | Elf:3    | Entered Level 3 of the Elven Halls
 48674 | Elf:3    | XOM: confuse monster(s)
 48832 | Elf:3    | XOM: divination: magic mapping
 48965 | Elf:3    | XOM: cast spell 'Alistair's Intoxication'
 49244 | Elf:3    | XOM: confuse monster(s)
 49469 | Elf:3    | XOM: potion effect (haste)
 49476 | Elf:3    | XOM: confuse monster(s)
 49491 | Elf:3    | HP: 4/145 [deep elf elementalist/blast of rock fragments
                  | (9)]
 49493 | Elf:3    | Killed from afar by a deep elf elementalist
 49615 | Elf:3    | Found Qugheyl's Jewellery Boutique.
 49623 | Elf:3    | Bought the ring of the Tortoise {AC+8} for 1536 gold pieces
 49623 | Elf:3    | Found the ring of the Tortoise {AC+8}
 49692 | Elf:3    | XOM: noise
 49700 | Elf:3    | Identified the +5 chain mail of the Rose {rF+ rN+}
 49700 | Elf:3    | Identified the amulet of Guterod {RegenMP rF+ Str+6}
 49723 | Elf:3    | Reached skill level 19 in Shapeshifting
 49726 | Elf:3    | Identified the staff of Peace {Str+3 Conj}
 49781 | Elf:3    | XOM: noise
 49820 | Elf:3    | Identified the +0 leather armour of Purpose {rN++ Str+2
                  | Int+2}
 49820 | Elf:3    | Identified the ring of Prescription {rF+ rC- Int+3 Dex+2}
 49961 | Elf:3    | Reached skill level 21 in Unarmed Combat
 50082 | Elf:3    | Bought the amulet "Zasij" {Rampage Regen+} for 444 gold
                  | pieces
 50263 | Elf:3    | Identified the +5 dire flail of the Hurting Spider
                  | {antimagic, Will+}
 50266 | Elf:3    | Identified the amulet of Laana {RegenMP rElec Str-5 Int+5}
 50286 | Elf:3    | Identified the +4 mace "Gyroir" {drain, Stlth+}
 50294 | Elf:3    | XOM: silly message
 50318 | Elf:3    | Identified the +0 pair of boots of the Rose {Dex+3}
 50326 | Elf:3    | Identified the staff of the Curious Xenops {rF+ Str+2 Fire}
 50709 | Depths:1 | Entered Level 1 of the Depths
 50726 | D:15     | XOM: noise
 50764 | D:15     | Killed Foiz Zao's ghost
 50812 | Depths:1 | XOM: enchant monster (good)
 50835 | D:15     | XOM: swap monsters
 50863 | Depths:1 | XOM: summons 2 friendly demons
 50961 | D:15     | XOM: confuse monster(s)
 51090 | Depths:1 | XOM: potion effect (haste)
 51138 | Depths:1 | XOM: scenery: create altars
 51346 | Depths:1 | XOM: cast spell 'Summon Hydra'
 51372 | Depths:1 | XOM: give mutation
 51372 | Depths:1 | Gained mutation: You are somewhat resistant to further
                  | mutation. [Xom's grace]
 51449 | Depths:1 | Found a one-way gate to the infinite horrors of the Abyss.
 51557 | Depths:1 | Found a gateway to Hell.
 51634 | Depths:1 | XOM: god gift: scroll of amnesia
 51986 | Depths:2 | Reached skill level 20 in Shapeshifting
 51991 | Depths:2 | XOM: scenery: 1 doors open, 1 doors close
 52041 | Depths:2 | Found a glowing golden altar of the Shining One.
 52059 | Depths:2 | Reached XP level 23. HP: 116/116 MP: 23/23
 52085 | Depths:2 | XOM: scenery: 2 doors close
 52123 | Depths:2 | Reached skill level 22 in Unarmed Combat
 52131 | Depths:2 | XOM: enchant monster (good)
 52177 | Depths:2 | Found a one-way gateway to a ziggurat.
 52274 | Depths:2 | XOM: 3-stop teleportation journey
 52301 | Depths:2 | XOM: blink monster(s)
 52361 | Depths:2 | XOM: enchant monster (good)
 52443 | Depths:2 | XOM: confuse monster(s)
 52447 | Depths:2 | XOM: fake destruction
 52519 | Depths:2 | XOM: blink monster(s)
 52618 | Depths:2 | XOM: silly message
 52642 | Depths:2 | Found a one-way gate leading to the halls of Pandemonium.
 52655 | Depths:2 | Identified the ring "Ber Quaremm" {Ice Will+}
 52709 | Depths:2 | XOM: silly message
 52864 | Depths:2 | XOM: give mutations
 52864 | Depths:2 | Lost mutation: Your spells are a little harder to cast, but
                  | a little more powerful. [Xom's mischief]
 52864 | Depths:2 | Gained mutation: You are strong-willed. (Will+) [Xom's
                  | mischief]
 52874 | Depths:2 | XOM: enchant monster (good)
 53013 | Depths:4 | Entered Level 4 of the Depths
 53083 | Depths:4 | XOM: 1-stop teleportation journey
 53127 | Depths:4 | XOM: chaos upgrade
 53131 | Depths:4 | Reached skill level 23 in Unarmed Combat
 53134 | Depths:4 | XOM: enchant monster (good)
 53157 | Depths:4 | Found a gate to the Realm of Zot.
 53319 | Depths:4 | XOM: scenery: summon butterflies
 53320 | Depths:4 | Found Xeolet's Weapon Shop.
 53322 | Depths:4 | Found Nixokk's General Store.
 53322 | Depths:4 | XOM: divination: detect creatures
 53323 | Depths:4 | XOM: polymorph butterfly -> adder
 53324 | Depths:4 | XOM: destruction
 53326 | Depths:4 | XOM: 5-stop teleportation journey
 53573 | Depths:4 | Found Xanireer's Antique Weapon Shop.
 53640 | Depths:4 | XOM: cast spell 'Summon Ice Beast'
 54016 | Vaults:5 | Entered Level 5 of the Vaults
 54052 | Vaults:5 | Reached skill level 24 in Unarmed Combat
 54120 | Vaults:5 | Noticed an ancient lich
 54131 | Vaults:5 | XOM: enchant monster (good)
 54137 | Vaults:5 | Killed an ancient lich
 54195 | Vaults:5 | XOM: enchant monster (good)
 54401 | Vaults:5 | XOM: swap monsters
 54403 | Vaults:5 | XOM: enchant monster (good)
 54434 | Vaults:5 | XOM: blink monster(s)
 54514 | Vaults:5 | Reached XP level 24. HP: 120/120 MP: 23/23
 54531 | Vaults:5 | Noticed an ancient lich
 54538 | Vaults:5 | Identified the amulet of Sikexeh {Rampage Regen+ Dex+3}
 54538 | Vaults:5 | XOM: 1-stop teleportation journey
 54544 | Vaults:5 | XOM: scenery: 3 doors close
 54550 | Vaults:5 | Noticed an ancient lich
 54555 | Vaults:5 | Identified the +9 short sword of the Lusting Boar {spect,
                  | rC+ Str+3}
 54556 | Vaults:5 | XOM: divine lightning
 54633 | Vaults:5 | Reached skill level 25 in Unarmed Combat
 54641 | Vaults:5 | XOM: swap monsters
 54641 | Vaults:5 | a titan changed into a shard shrike
 54641 | Vaults:5 | Noticed a shard shrike (glowing shapeshifter)
 54645 | Vaults:5 | XOM: summons friendly shadow imp
 54658 | Vaults:5 | Killed an ancient lich
 54660 | Vaults:5 | XOM: noise
 54681 | Vaults:5 | XOM: give mutations
 54681 | Vaults:5 | Lost mutation: Your flesh is cold resistant. (rC+) [Xom's
                  | mischief]
 54681 | Vaults:5 | Gained mutation: You sometimes lose your temper in combat.
                  | [Xom's mischief]
 54681 | Vaults:5 | Lost mutation: You are strong-willed. (Will+) [Xom's
                  | mischief]
 54681 | Vaults:5 | Lost mutation: You sometimes lose your temper in combat.
                  | [Xom's mischief]
 54706 | Vaults:5 | XOM: summons 2 hostile demons
 54709 | Vaults:5 | XOM: cast spell 'Monstrous Menagerie'
 54721 | Vaults:5 | XOM: cleaving
 54730 | Vaults:5 | XOM: cleaving
 54747 | Vaults:5 | XOM: cleaving
 54752 | Vaults:5 | Reached skill level 21 in Dodging
 54756 | Vaults:5 | Identified the staff "Giqonila" {rC+ Dex+3 Stlth- Earth}
 54801 | Vaults:5 | XOM: summons 5 friendly demons
 54829 | Vaults:5 | Got the Octavo of Infection
 54862 | Vaults:5 | XOM: cleaving
 54865 | Vaults:5 | XOM: divine lightning
 54868 | Vaults:5 | Killed an ancient lich
 55123 | Vaults:5 | Found the +3 giant club "Skullcrusher" {speed, Str+7}
 55164 | Vaults:5 | XOM: noise
 55199 | Vaults:5 | XOM: cast spell 'Summon Hydra'
 55204 | Vaults:5 | XOM: smoke on damage
 55205 | Vaults:5 | XOM: swap monsters
 55208 | Vaults:5 | Reached skill level 20 in Fighting
 55535 | Vaults:5 | XOM: draining
 55648 | Vaults:5 | Got a silver rune of Zot
 55683 | Vaults:5 | XOM: give mutation
 55683 | Vaults:5 | Gained mutation: You do not regenerate when monsters are
                  | visible. [Xom's mischief]
 55983 | Zot:1    | Entered Level 1 of the Realm of Zot
 56091 | Zot:1    | XOM: confusion
 56104 | Zot:1    | Lost mutation: Your mind is acute. (Int +4, Str/Dex -1)
                  | [potion of mutation]
 56104 | Zot:1    | Lost mutation: Your magical capacity is low. (-10% MP)
                  | [potion of mutation]
 56104 | Zot:1    | Lost mutation: You are somewhat resistant to further
                  | mutation. [potion of mutation]
 56104 | Zot:1    | Gained mutation: Your body sometimes deteriorates upon
                  | taking damage. [potion of mutation]
 56104 | Zot:1    | Gained mutation: You occasionally shout uncontrollably at
                  | your foes. [potion of mutation]
 56104 | Zot:1    | Gained mutation: You occasionally lose the ability to read
                  | scrolls when taking damage. [potion of mutation]
 56105 | Zot:1    | Lost mutation: Your muscles are strong. (Str +4, Int/Dex
                  | -1) [potion of mutation]
 56105 | Zot:1    | Lost mutation: Your body sometimes deteriorates upon taking
                  | damage. [potion of mutation]
 56105 | Zot:1    | Gained mutation: You possess an exceptional clarity of
                  | mind. [potion of mutation]
 56105 | Zot:1    | Gained mutation: A frigid envelope surrounds you and
                  | freezes all who hurt you. [potion of mutation]
 56105 | Zot:1    | Gained mutation: You are vulnerable to heat. (rF-) [potion
                  | of mutation]
 56105 | Zot:1    | Gained mutation: You are somewhat resistant to further
                  | mutation. [potion of mutation]
 56106 | Zot:1    | Lost mutation: You are vulnerable to heat. (rF-) [potion of
                  | mutation]
 56106 | Zot:1    | Lost mutation: A frigid envelope surrounds you and freezes
                  | all who hurt you. [potion of mutation]
 56106 | Zot:1    | Gained mutation: You have a pair of small horns on your
                  | head. [potion of mutation]
 56107 | Zot:1    | Lost mutation: You possess an exceptional clarity of mind.
                  | [potion of mutation]
 56107 | Zot:1    | Lost mutation: You are somewhat resistant to further
                  | mutation. [potion of mutation]
 56107 | Zot:1    | Lost mutation: You have a pair of small horns on your head.
                  | [potion of mutation]
 56107 | Zot:1    | Gained mutation: Your mind is acute. (Int +4, Str/Dex -1)
                  | [potion of mutation]
 56107 | Zot:1    | Gained mutation: Your muscles are strong. (Str +4, Int/Dex
                  | -1) [potion of mutation]
 56287 | Vaults:1 | XOM: stat loss: -1 Int (20/21)
 56329 | Crypt:1  | Entered Level 1 of the Crypt
 56356 | Crypt:1  | Noticed Vv
 56363 | Crypt:1  | Killed Vv
 56480 | Crypt:1  | XOM: noise
 56494 | Crypt:1  | Noticed Zenata
 56503 | Crypt:1  | XOM: summons 3 friendly demons
 56508 | Crypt:1  | Zenata changed into Zenata the fenstrider witch
 56508 | Crypt:1  | Noticed Zenata
 56508 | Crypt:1  | Demolished by a +6 glaive of venom
 56658 | Crypt:1  | Zenata the fenstrider witch changed into Zenata the glowing
                  | shapeshifter
 56658 | Crypt:1  | Noticed Zenata (glowing shapeshifter)
 56658 | Crypt:1  | XOM: polymorph Zenata the fenstrider witch -> Zenata the
                  | glowing shapeshifter
 56658 | Crypt:1  | Zenata the glowing shapeshifter changed into Zenata the
                  | swamp worm
 56658 | Crypt:1  | Noticed Zenata (glowing shapeshifter)
 56659 | Crypt:1  | Zenata the swamp worm changed into Zenata the merfolk
 56659 | Crypt:1  | Noticed Zenata (glowing shapeshifter)
 56659 | Crypt:1  | Zenata the merfolk changed into Zenata the death drake
 56659 | Crypt:1  | Noticed Zenata (glowing shapeshifter)
 56661 | Crypt:1  | XOM: divine lightning
 56664 | Crypt:1  | Zenata the death drake changed into Zenata the sea snake
 56664 | Crypt:1  | Noticed Zenata (glowing shapeshifter)
 56665 | Crypt:1  | Zenata the sea snake changed into Zenata the steelbarb worm
 56665 | Crypt:1  | Noticed Zenata (glowing shapeshifter)
 56668 | Crypt:1  | Noticed Zenata
 56671 | Crypt:1  | Zenata the slime creature changed into Zenata the spark
                  | wasp
 56671 | Crypt:1  | Noticed Zenata (glowing shapeshifter)
 56673 | Crypt:1  | Zenata the spark wasp changed into Zenata the bunyip
 56673 | Crypt:1  | Noticed Zenata (glowing shapeshifter)
 56676 | Crypt:1  | Zenata the bunyip changed into Zenata the great orb of eyes
 56676 | Crypt:1  | Noticed Zenata (glowing shapeshifter)
 56681 | Crypt:1  | Killed Zenata the great orb of eyes
 56756 | Crypt:1  | Reached skill level 22 in Dodging
 56837 | Crypt:1  | You fall into a shaft and drop 1 floor!
 57160 | Crypt:2  | XOM: divination: detect items
 57198 | Crypt:2  | XOM: cleaving
 57249 | Crypt:2  | XOM: polymorph deep elf death mage -> stone giant
 57257 | Crypt:2  | XOM: silly message
 57277 | Crypt:2  | XOM: cast spell 'Olgreb's Toxic Radiance'
 57622 | Crypt:2  | XOM: cloud trail
 57762 | Crypt:3  | Entered Level 3 of the Crypt
 57786 | Crypt:3  | XOM: silly message
 57792 | Crypt:3  | Reached XP level 25. HP: 124/124 MP: 25/25
 57792 | Crypt:3  | XOM: enchant monster (bad)
 57914 | Crypt:3  | XOM: noise
 58151 | Crypt:3  | Found an ancient bone altar of Kikubaaqudgha.
 58164 | Crypt:3  | XOM: noise
 58429 | Crypt:3  | Noticed a dread lich
 58429 | Crypt:3  | Noticed a dread lich
 58438 | Crypt:3  | Killed a dread lich
 58441 | Crypt:3  | Killed a dread lich
 58459 | Crypt:3  | Got the Thoughts on Reformed Contamination
 58463 | Crypt:3  | Got the Guidebook on the Crypt
 58501 | Crypt:3  | Reached skill level 26 in Unarmed Combat
 58729 | Crypt:3  | XOM: confuse monster(s)
 59052 | Crypt:3  | XOM: 2-stop teleportation journey
 59054 | Crypt:3  | XOM: swap monsters
 59078 | Crypt:3  | XOM: enchant monster (bad)
 59087 | Crypt:3  | XOM: silly message
 59245 | Crypt:3  | Found a staircase to the Tomb.
 59250 | Crypt:3  | XOM: enchant monster (bad)
 59252 | Crypt:3  | XOM: smoke on damage
 59406 | Crypt:3  | Reached skill level 21 in Shapeshifting
 59864 | Depths:4 | XOM: silly message
 59983 | Zot:2    | XOM: cloud trail
 60135 | Zot:2    | XOM: god gift: 3 scrolls of enchant armour
 60200 | Zot:4    | Reached skill level 23 in Dodging
 60204 | Zot:4    | Reached skill level 21 in Fighting
 60234 | Zot:3    | XOM: potion effect (berserk rage)
 60400 | Zot:4    | XOM: confuse monster(s)
 60455 | Zot:4    | XOM: potion effect (brilliance)
 60472 | Zot:4    | XOM: scenery: summon butterflies
 60638 | Zot:5    | Entered Level 5 of the Realm of Zot
 60643 | Zot:5    | Noticed an ancient lich
 60773 | Zot:5    | XOM: divination: detect items
 60785 | Zot:5    | XOM: enchant monster (good)
 60931 | Zot:5    | Noticed a Killer Klown
 60931 | Zot:5    | Noticed a Killer Klown
 60931 | Zot:5    | XOM: 1-stop teleportation journey
 60934 | Zot:5    | Noticed an orb of fire
 60940 | Zot:5    | Got the Orb of Zot
 60941 | Zot:5    | Noticed a Killer Klown
 60958 | Zot:5    | XOM: summons friendly white imp
 61030 | Zot:2    | Noticed Gepy Ysiogoth the pandemonium lord
 61034 | Zot:2    | Killed Gepy Ysiogoth the pandemonium lord
 61169 | D:15     | XOM: god gift: book of Spatial Translocations
 61301 | D:10     | Noticed Lalluege the pandemonium lord
 61314 | D:10     | Noticed Voavuth the pandemonium lord
 61315 | D:9      | XOM: god gift: chain mail {god gift}
 61495 | D:1      | Noticed Natasha
 61508 | D:$      | Escaped with the Orb!

Illustrated notes

Levels and vault maps discovered:
D:1:      tarquinn_simple_flora_water_d, layout_loops_corners
D:2:      layout_loops_cross, nicolae_ecumenical_lake_church, basic_altar,
          minmay_lizard_pond, uniq_natasha
D:3:      layout_rooms, pdpol_wu_jian_five_deadly_venoms
D:4:      layout_loops_ring, serial_shops, nicolae_shop_gaudy_bauble,
          chequers_big_river
D:5:      layout_cave_pools, lemuel_round_altar, trog_ov_bears_minmay,
          uniq_blork_the_orc
D:6:      layout_cave_pools, minmay_overflow_temple_star_quad, elyvilon_altar_5,
          kennysheep_orc_sif_temple, serial_shops, shop, gammafunk_ghost_grave,
          nicolae_shop_i_like_small_books_too
D:7:      layout_loops_ring, uniq_menkaure
D:8:      minmay_opposing_rooms, layout_loops_ring, dpeg_lair_monsters,
          hangedman_abyss_or_decor_stabs, minmay_misc_feat_diagonals
D:9:      layout_rooms
D:10:     layout_basic, general_overflow_altar, kennysheep_cross_bottleneck,
          uniq_maurice, uniq_fannar, uniq_urug
D:11:     layout_rooms, orc_0_dummy, minmay_statues_item
D:12:     kennysheep_green_arena, layout_loops_ring, gauntlet_entry_generic,
          roderic_lattice_a, nicolae_dithmenos_the_darkroom, uniq_rupert
D:13:     layout_basic, serial_ice, serial_ice_i, serial_ice_b, serial_ice_o,
          serial_ice_m, serial_ice_c, serial_ice_g, serial_ice_f, serial_ice_d,
          portal_ice_cave_entry_pillars_1, uniq_frances
D:14:     layout_gridville, ximxim_vaults_locker_room, tso_altar
D:15:     hangedman_depths_entry_try_elsewhere_first, layout_small_grid,
          hangedman_decor_clover_reticule, ebering_ghost_inner_flame
Lair:1:   layout_regular_city, enter_volcano_1, uniq_joseph
Lair:2:   layout_cave_pods, lemuel_centaur_altar
Lair:3:   minmay_lair_oklob_chamber, layout_cave_pods,
          skrybe_swamp_entry_bodies, minmay_snake_entry_six_corridors
Lair:4:   nzn_winding_woodlands_cross [nzn_winding_woodlands_5x15_garden,
          nzn_winding_woodlands_5x15_cabin,
          nzn_winding_woodlands_5x15_lazy_stream,
          nzn_winding_woodlands_5x15_sidewinder,
          nzn_winding_woodlands_15x15_five_gardens], layout_misc_corridors,
          nicolae_slime_entry_slimehenge, uniq_josephine
Lair:5:   hangedman_lair_caniforms_friends, layout_misc_corridors,
          guppyfry_lair_end_dragon
Swamp:1:  layout_basic_swamp, evilmike_swamp_ruin_house_2
Swamp:2:  layout_falls_marsh, hangedman_swamp_pad, uniq_kirke
Swamp:3:  layout_falls_marsh, nicolae_swamp_ascending_descending_big
Swamp:4:  byrel_swamp_growth_death_and_undeath, layout_basic_swamp,
          infiniplex_staircase_pool_2, uniq_donald
Snake:1:  layout_onion, drop_trap, nicolae_snake_snakewalk, uniq_aizul
Snake:2:  layout_onion
Snake:3:  layout_grid_maze, nicolae_letterblocks [nicolae_letter_subblock,
          nicolae_letter_subblock, nicolae_letter_subblock,
          nicolae_letter_subblock, nicolae_letter_subblock,
          nicolae_letter_subblock, nicolae_letter_subblock,
          nicolae_letter_subblock, nicolae_letter_subblock,
          nicolae_letter_subblock, nicolae_letter_subblock,
          nicolae_letter_subblock, nicolae_letter_subblock,
          nicolae_letter_subblock, nicolae_letter_subblock,
          nicolae_letter_subblock, nicolae_letter_subblock,
          nicolae_letter_subblock, nicolae_letter_subblock,
          nicolae_letter_subblock, nicolae_letter_subblock,
          nicolae_letter_subblock, nicolae_letter_subblock,
          nicolae_letter_subblock, nicolae_letter_subblock], uniq_asterion
Snake:4:  minmay_snake_end_coiled, layout_layer_cave
Orc:1:    layout_caves, basic_altar
Orc:2:    st_orc_ogre_mass, layout_caves, basic_altar, uniq_sonja
Elf:1:    nicolae_elf_arrival_fired_up, layout_loops_corners, evilmike_minifort,
          fountainhead, nicolae_elf_glass_and_crystal_pillar_1, uniq_azrael
Elf:2:    elven_hall_of_blades_hangedman_alternative
          [nicolae_blade_entry_splitting_headache], layout_loops_corners,
          nicolae_stop_n_shop_2
Elf:3:    minmay_elf_hall_quartered_circle, layout_geoelf_octagon, serial_shops,
          nicolae_diamond_shop
Vaults:1: nicolae_vaults_trapezoid_4, v_misc_10, hangedman_vaults_slice,
          vaults_room_hangedman_quadrants, nicolae_vaults_tetromino_Z_1,
          vaults_room_door_hall, grunt_vaults_hallway_short,
          ontoclasm_vaults_spin, nicolae_vaults_alarming, layout_vaults_omnigrid
Vaults:2: nicolae_vaults_triangles, nicolae_vaults_trapezoid_2,
          blue_anna_dwarven_crypt, nicolae_vaults_quadrants,
          nicolae_vaults_oval_intersection, v_alt_pattern_5, v_misc_15,
          nicolae_vaults_sealed_display, ontoclasm_vaults_ring_large,
          nicolae_vaults_circle_grid_b, nicolae_vaults_heist, v_pattern_5,
          ontoclasm_vaults_eye, ontoclasm_vaults_fault, v_misc_25,
          not_door_vault_mu, layout_vaults_omnibox, serial_shops, shop
Vaults:3: nicolae_vaults_offset_grid_hallway_4, nicolae_vaults_stepped_doors,
          ontoclasm_vaults_twist, st_eye, nicolae_vaults_offset_grid_hallway_1,
          ontoclasm_vaults_ring_large, vaults_standard_mumra_x,
          grunt_vaults_twisty, hangedman_vaults_unwind,
          nicolae_vaults_more_shelving_2, vaults_room_door_ring,
          hangedman_vaults_cutoff, nicolae_vaults_diamond_1,
          grunt_vaults_diagonal, v_misc_23, layout_vaults_maze, serial_shops,
          shop_statue, uniq_mara, uniq_margery, uniq_sojobo
Vaults:4: vaults_room_door_ring, nicolae_vaults_stairing_the_circle, st_lines,
          hangedman_vaults_stagger, nicolae_vaults_oval_intersection,
          nicolae_vaults_closet_pinwheel_5, hangedman_vaults_variations,
          vaults_mumra_minichess_inversion, nicolae_vaults_heart-shaped_vault,
          ontoclasm_vaults_bender, nicolae_vaults_rhombus_5, layout_vaults_ring,
          enter_trove_3
Vaults:5
Crypt:1:  layout_catacombs, ebering_dispersal_statue_hall, uniq_josephina,
          uniq_zenata, uniq_vv
Crypt:2:  layout_misc_corridors, lemuel_nasty_fountain, grunt_megastairs_5
Crypt:3:  evilmike_haunted_forest
Depths:1: layout_cave_pools, hell_entry, minmay_misc_feat_doors, abyss_entry,
          minmay_three_doors
Depths:2: cheibrodos_poisonous_passages, layout_gridlike, enter_ziggurat_f,
          abyss_entry, lemuel_doored_altar, hell_entry, pan_entry,
          minmay_staircase_statues
Depths:3: radiant_caverns_b_rkd, hell_entry, abyss_entry
Depths:4: evilmike_zot_entry_basic, layout_twisted_cross, grunt_hell_horde,
          grunt_megastairs_3, minmay_shop_star
Zot:1:    layout_misc_corridors, skrybe_zot_glass_2
Zot:2:    circus_mu, layout_gridlike, st_stairs_1, lemuel_baited_zot_trap
Zot:3:    layout_twisted_circle
Zot:4:    layout_misc_corridors, ebering_ghost_rock_garden,
          st_large_dragon_hoard_4
Zot:5:    layout_gridlike, st_stairs_6, grunt_ministairs_15

Skill      XL: |  1  2  3  4  5  6  7  8  9 10 11 12 13 14 15 16 17 18 19 20 21 22 23 24 25 |
---------------+----------------------------------------------------------------------------+-----
Stealth        | 2 3 5 6 9 |  9.0
Shapeshifting  | 2 4 5 7 9 10 12 13 15 17 20 21 | 21.3
Dodging        | 5 6 10 13 14 15 16 17 18 20 22 23 | 23.4
Fighting       | 4 6 7 8 10 11 13 14 15 17 19 20 21 | 21.2
Unarmed Combat | 4 7 8 9 11 12 14 15 16 17 18 20 21 24 25 26 | 26.3
Evocations     | 3 4 10 11 12 15 16 | 16.0
Translocations | 3 5 |  5.0
Spellcasting   | 1 |  1.0

Action                     |  1- 3 |  4- 6 |  7- 9 | 10-12 | 13-15 | 16-18 | 19-21 | 22-24 | 25-27 || total
---------------------------+-------+-------+-------+-------+-------+-------+-------+-------+-------++-------
  Melee: Unarmed           |   103 |   148 |   348 |   743 |  1277 |   865 |  1618 |  1560 |   439 ||  7101
         Bite              |     8 |    15 |    59 |   109 |   227 |   138 |   321 |   249 |    65 ||  1191
         Punch             |     1 |     2 |       |    60 |   162 |   132 |   302 |   305 |    99 ||  1063
         Maw               |       |       |       |   317 |   563 |   319 |   571 |       |       ||  1770
         Headbutt          |       |       |       |    46 |   393 |   255 |   459 |       |       ||  1153
   Cast: Manifold Assault  |       |       |       |       |       |     1 |       |       |    18 ||    19
         Blink             |       |       |       |       |       |       |       |       |     1 ||     1
  Evoke: Wand              |       |       |       |     3 |    17 |     1 |    13 |    27 |    24 ||    85
         Phantom mirror    |       |       |       |       |     3 |     1 |     3 |     1 |       ||     8
         Condenser vane    |       |       |       |       |     1 |     2 |     2 |     3 |       ||     8
         Lightning rod     |       |       |       |       |       |     9 |    12 |     8 |       ||    29
         Box of beasts     |       |       |       |       |       |     1 |     2 |     1 |       ||     4
    Use: Potion            |     1 |       |       |     3 |     2 |       |     2 |     8 |    14 ||    30
         Scroll            |       |     7 |     7 |     5 |     9 |     8 |     4 |     8 |    19 ||    67
   Stab: Sleeping          |    12 |     5 |     1 |    17 |    22 |    18 |    38 |    20 |     6 ||   139
         Distracted        |       |     1 |     1 |     1 |     4 |     3 |     4 |    10 |     4 ||    28
         Petrified         |       |     4 |       |       |     1 |     1 |     1 |       |       ||     7
         Confused          |       |     2 |       |     7 |     4 |     4 |     4 |     3 |     3 ||    27
         Invisible         |       |       |       |       |     3 |       |       |     3 |     1 ||     7
         Petrifying        |       |       |       |       |       |       |       |     1 |       ||     1
         Paralysed         |       |       |       |       |       |       |       |     1 |       ||     1
         Betrayed ally     |       |       |       |       |       |       |       |     1 |       ||     1
 Armour: Skin              |    18 |    33 |    55 |    74 |    80 |    58 |   207 |   482 |   140 ||  1147
  Dodge: Dodged            |    57 |   134 |   379 |   839 |  1179 |   946 |  1977 |  2398 |   895 ||  8804
  Block: Other             |       |       |    11 |   195 |   226 |   173 |   403 |    39 |       ||  1047
         Reflection        |       |       |       |     5 |     6 |    11 |    36 |     7 |       ||    65
   Form: Flux              |       |     2 |       |       |       |       |       |       |       ||     2
                           |       |     1 |       |       |       |       |       |       |       ||     1
         Maw               |       |       |       |     1 |       |     2 |       |       |       ||     3
         Anaconda          |       |       |       |       |       |     2 |       |       |       ||     2
         Statue            |       |       |       |       |       |       |     1 |     1 |       ||     2
         Dragon            |       |       |       |       |       |       |       |     1 |       ||     1

Table legend: (Time is in decaauts)
 A = Elapsed time spent in this place.
 B = Non-inter-level travel time spent in this place.
 C = Inter-level travel time spent in this place.
 D = Time resting spent in this place.
 E = Time spent auto-exploring this place.
 F = Levels seen in this place.
 G = Mean time per level.
                   A        B        C        D        E       F      G
               +--------+--------+--------+--------+--------+-----+--------+
         Total |  62344 |  55994 |   6350 |  11254 |  29915 |  53 | 1176.3 |
       Dungeon |  17509 |  14480 |   3029 |   2767 |   7364 |  15 | 1167.3 |
          Lair |   5217 |   4837 |    380 |    728 |   2581 |   5 | 1043.4 |
         Swamp |   4320 |   4177 |    143 |   1520 |   1620 |   4 | 1080.0 |
     Snake Pit |   4439 |   4212 |    227 |   1196 |   1958 |   4 | 1109.8 |
  Orcish Mines |   1256 |   1009 |    247 |     73 |    521 |   2 |  628.0 |
   Elven Halls |   5032 |   4802 |    230 |   1394 |   2485 |   3 | 1677.3 |
        Vaults |  12918 |  11942 |    976 |   2254 |   7004 |   5 | 2583.6 |
         Crypt |   4634 |   4349 |    285 |    273 |   3203 |   3 | 1544.7 |
        Depths |   4444 |   3820 |    624 |    170 |   2723 |   4 | 1111.0 |
           Zot |   1891 |   1686 |    205 |    816 |    321 |   5 |  378.2 |
         Trove |     97 |     97 |      0 |      0 |      0 |   1 |   97.0 |
       Volcano |    229 |    229 |      0 |     14 |     48 |   1 |  229.0 |
      Gauntlet |    354 |    354 |      0 |     46 |     81 |   1 |  354.0 |
               +--------+--------+--------+--------+--------+-----+--------+

Top non-repeatable levels by time:
Vaults:1: 3696 daAuts
   Elf:3: 2617 daAuts
Vaults:3: 2605 daAuts
 Crypt:3: 2529 daAuts
Vaults:4: 2439 daAuts
     D:8: 2369 daAuts
 Swamp:4: 2346 daAuts
Vaults:5: 2270 daAuts
Vaults:2: 1906 daAuts
Depths:2: 1661 daAuts
   Elf:1: 1545 daAuts
    D:13: 1533 daAuts
 Snake:4: 1517 daAuts
    D:12: 1475 daAuts
    D:15: 1464 daAuts
